 Dungeon Crawl Stone Soup version 0.31.0-12-g77e489cdc1 (webtiles) character file.

Game seed: 16454845969499394602

3551542 Tripartite the Swordmaster (level 27, 249/249 HPs)
             Began as a Barachi Gladiator on Feb 21, 2024.
             Was the Champion of Jiyva.
             Escaped with the Orb
             ... and 5 runes on Feb 23, 2024!
             The game lasted 06:32:20 (62921 turns).

Tripartite the Swordmaster (Barachi Gladiator)     Turns: 62921, Time: 06:32:21

Health: 249/249    AC: 48    Str: 20    XL:     27
Magic:  23/23      EV: 30    Int: 14    God:    Jiyva [******]
Gold:   91         SH: 37    Dex: 29    Spells: 26/26 levels left

rFire   + + .        q - +6 demon blade (spect)
rCold   + + +        Y - +8 tower shield {reflect}
rNeg    + + .        B - +9 scales of the Dragon King {rPois rF+ rC+ Will+}
rPois   +            (helmet unavailable)
rElec   +            H - +1 cloak of Starlight {*Dazzle EV+4 Stlth--}
rCorr   +            M - +0 pair of gloves of Makhleb's Condemnation {^Contam rElec rN++ rCorr}
SInv    .            v - +2 pair of boots "Pisiplai" {rC+++ rCorr Str+5 Int-4}
Will    +++..        A - amulet of Vitality {RegenMP++ Regen++} Stlth
                     k - ring of Dithmenos's Favour {rF+ Dex+6}
HPRegen 3.81/turn    F - ring "Wiafanick" {Ice Slay+5}
MPRegen 1.78/turn

%: reflection
@: slow
A: amphibious, slowness 1, strong legs 2, +LOS, horns 3, clever 2, fire
resistance 1, screaming 1, wild magic 2, eyeballs 1, gelatinous body 3, jelly
absorbing missiles, inability to drink after injury 1, inability to read after
injury 1
0: Orb of Zot
}: 5/15 runes: decaying, serpentine, slimy, silver, abyssal
a: Hop, Renounce Religion, Oozemancy, Slimify


You escaped.
You worshipped Jiyva.
Jiyva was exalted by your worship.
You visited 13 branches of the dungeon, and saw 57 of its levels.
You visited the Abyss 7 times.
You also visited: Bailey, Volcano and Desolation.

You collected 9161 gold pieces.
You spent 9070 gold pieces at shops.

Inventory:

Hand Weapons
 f - a +9 double sword of protection
 q - a +6 spectral demon blade (weapon)
Missiles
 d - 4 throwing nets
 G - 30 boomerangs
 N - 13 curare-tipped darts
Armour
 c - the +1 helmet of the Iron City of Dis {Slay+5}
   (You found it on level 5 of the Vaults)

   Slay+5:    It affects your accuracy & damage with ranged weapons and melee
   (+5).
 v - the +2 pair of boots "Pisiplai" (worn) {rC+++ rCorr Str+5 Int-4}
   (You bought it in a shop on level 5 of the Vaults)

   Str+5:     It affects your strength (+5).
   Int-4:     It affects your intelligence (-4).
   rC+++:     It renders you almost immune to cold.
   rCorr:     It protects you from acid and corrosion.
 B - the +9 scales of the Dragon King (worn) {rPois rF+ rC+ Will+}
   (You bought it in a shop on level 2 of the Orcish Mines)

   rF+:       It protects you from fire.
   rC+:       It protects you from cold.
   rPois:     It protects you from poison Will+: It increases your willpower.
 H - the +1 cloak of Starlight (worn) {*Dazzle EV+4 Stlth--}
   (You bought it in a shop on level 5 of the Vaults)

   *Dazzle:   It may blind those who miss an attack against the wearer in melee
   combat.
   EV+4:      It affects your evasion (+4).
   Stlth--:   It makes you much less stealthy.
 M - the +0 pair of gloves of Makhleb's Condemnation (worn) {^Contam rElec rN++ rCorr}
   (You found it on level 4 of the Depths)

   rElec:     It insulates you from electricity.
   rN++:      It greatly protects you from negative energy.
   ^Contam:   It causes magical contamination when unequipped.
   rCorr:     It protects you from acid and corrosion.
 T - the +2 shield of Resistance {rF++ rC++ Will++}
   (You found it on level 12 of the Dungeon)

   rF++:      It greatly protects you from fire.
   rC++:      It greatly protects you from cold.
   Will++:    It greatly increases your willpower.
 Y - a +8 tower shield of reflection (worn)
Jewellery
 k - the ring of Dithmenos's Favour (left hand) {rF+ Dex+6}
   (You found it on level 3 of the Snake Pit)

   [ring of dexterity]

   Dex+6:     It affects your dexterity (+6).
   rF+:       It protects you from fire.
 u - the ring of Nyunk {rElec rF+ Will+ Dex+2}
   (You found it in the Desolation of Salt)

   [ring of protection from fire]

   Dex+2:     It affects your dexterity (+2).
   rF+:       It protects you from fire.
   rElec:     It insulates you from electricity.
   Will+:     It increases your willpower.
 A - the amulet of Vitality (around neck) {RegenMP++ Regen++}
   (You took it off a deep elf sorcerer on level 3 of the Elven Halls)

   [amulet of magic regeneration]

   RegenMP:   It increases your rate of magic regeneration.
   Regen++:   It increases your rate of health regeneration.
 F - the ring "Wiafanick" (right hand) {Ice Slay+5}
   (You found it on level 3 of the Snake Pit)

   [ring of ice]

   Ice:       It enhances your ice magic.
   Slay+5:    It affects your accuracy & damage with ranged weapons and melee
   (+5).
   rF-:       It makes you vulnerable to fire.
   rC+:       It protects you from cold.
 J - the amulet "Xipnev" {Acrobat SInv Stlth+}
   (You found it on level 5 of the Pits of Slime)

   [amulet of the acrobat]

   Acrobat:   It increases your evasion while moving and waiting.
   SInv:      It lets you see invisible.
   Stlth+:    It makes you more stealthy.
Wands
 a - a wand of polymorph (29)
 i - a wand of iceblast (38)
 r - a wand of acid (40)
 w - a wand of paralysis (39) (quivered)
 y - a wand of mindburst (46)
 K - a wand of digging (10)
 V - a wand of flame (58)
Scrolls
 b - 3 scrolls of enchant armour
 g - 2 scrolls of fear
 h - 7 scrolls of blinking
 t - 6 scrolls of teleportation
 C - 7 scrolls of poison
 D - 3 scrolls of silence
 I - a scroll of summoning
 R - 8 scrolls of fog
Potions
 j - 14 potions of curing
 l - 5 potions of mutation
 m - 2 potions of berserk rage
 n - 6 potions of lignification
 o - 8 potions of haste
 p - 7 potions of cancellation
 s - 5 potions of enlightenment
 x - 5 potions of heal wounds
 E - 5 potions of might
 P - 4 potions of invisibility
 Q - 2 potions of attraction
 U - 4 potions of ambrosia
 W - 2 potions of resistance
 X - 5 potions of magic
Miscellaneous
 e - a phial of floods
 z - a sack of spiders
 L - a condenser vane
 O - a lightning rod (4/4)
 S - the horn of Geryon
 Z - a phantom mirror


   Skills:
 O Level 27 Fighting
 O Level 27 Long Blades
 - Level 12.0 Throwing
 O Level 27 Armour
 O Level 27 Dodging
 O Level 27 Shields
 + Level 22.7 Evocations


You had 26 spell levels left.
You didn't know any spells.
Your spell library contained the following spells:

 Spells                   Type           Power      Damage    Failure   Level
 Apportation              Tloc           0%         N/A       99%         1
 Kiss of Death            Conj/Necr      0%         2d5       99%         1
 Shock                    Conj/Air       0%         1d3       99%         1
 Sting                    Conj/Alch      0%         1d3       99%         1
 Summon Small Mammal      Summ           0%         N/A       99%         1
 Blink                    Tloc           0%         N/A       100%        2
 Call Imp                 Summ           0%         N/A       100%        2
 Ensorcelled Hibernation  Hex/Ice        0%         N/A       100%        2
 Jinxbite                 Hex            0%         N/A       100%        2
 Lesser Beckoning         Tloc           0%         N/A       100%        2
 Mercury Vapours          Alch/Air       0%         N/A       100%        2
 Momentum Strike          Conj/Tloc      0%         3d8       100%        2
 Scorch                   Fire           0%         2d5       100%        2
 Call Canine Familiar     Summ           0%         N/A       100%        3
 Dazzling Flash           Conj/Hex       0%         N/A       100%        3
 Fugue of the Fallen      Necr           0%         N/A       100%        3
 Inner Flame              Hex/Fire       0%         N/A       100%        3
 Mephitic Cloud           Conj/Alch/Air  0%         N/A       100%        3
 Ozocubu's Armour         Ice            0%         N/A       100%        3
 Passwall                 Erth           0%         N/A       100%        3
 Stone Arrow              Conj/Erth      0%         3d7       100%        3
 Summon Ice Beast         Ice/Summ       0%         N/A       100%        3
 Swiftness                Air            0%         N/A       100%        3
 Volatile Blastmotes      Fire/Tloc      0%         2d10      100%        3
 Airstrike                Air            0%         2d(0-16)  100%        4
 Anguish                  Hex/Necr       0%         N/A       100%        4
 Animate Dead             Necr           0%         N/A       100%        4
 Dispel Undead            Necr           0%         3d6       100%        4
 Flame Wave               Conj/Fire      0%         2d4       100%        4
 Fulminant Prism          Conj/Alch      0%         3d5       100%        4
 Manifold Assault         Tloc           0%         N/A       100%        4
 Olgreb's Toxic Radiance  Alch           0%         N/A       100%        4
 Sticky Flame             Fire/Alch      0%         2d4       100%        4
 Summon Blazeheart Golem  Fire/Summ      0%         N/A       100%        4
 Summon Lightning Spire   Summ/Air       0%         N/A       100%        4
 Vhi's Electric Charge    Tloc/Air       0%         N/A       100%        4
 Alistair's Intoxication  Alch           0%         N/A       100%        5
 Curse of Agony           Necr           0%         N/A       100%        5
 Metabolic Englaciation   Hex/Ice        0%         N/A       100%        5
 Silence                  Hex/Air        0%         N/A       100%        5
 Summon Mana Viper        Hex/Summ       0%         N/A       100%        5
 Yara's Violent Unravell  Hex/Alch       0%         3d3       100%        5
 Summon Cactus Giant      Summ           0%         N/A       100%        6
 Enfeeble                 Hex            0%         N/A       100%        7
 Haunt                    Necr/Summ      0%         N/A       100%        7
 Malign Gateway           Summ/Tloc      0%         N/A       100%        7
 Spellforged Servitor     Conj/Summ      0%         N/A       100%        7
 Summon Hydra             Summ           0%         N/A       100%        7
 Borgnjor's Revivificati  Necr           0%         N/A       100%        8
 Lehudib's Crystal Spear  Conj/Erth      0%         10d2      100%        8
 Summon Horrible Things   Summ           0%         N/A       100%        8
 Death's Door             Necr           0%         N/A       100%        9
 Fire Storm               Conj/Fire      0%         5d1       100%        9
 Shatter                  Erth           0%         3d5*      100%        9


Dungeon Overview and Level Annotations

Branches:
Dungeon (15/15)            Temple (0/1) D:7            Lair (5/5) D:9
  Swamp (4/4) Lair:3        Snake (4/4) Lair:2        Slime (5/5) Lair:4
    Orc (2/2) D:11            Elf (3/3) Orc:2        Vaults (5/5) D:14
  Crypt (3/3) Vaults:3       Tomb (0/3) Crypt:3      Depths (4/4) D:15
   Hell (visited)             Dis (0/7) Hell            Geh (0/7) Hell
    Coc (0/7) Hell            Tar (1/7) Hell            Zot (5/5) Depths:4
 Bailey (visited)         Volcano (visited)         Desolation (visited)

Altars:
Dithmenos
Fedhas
Gozag
Hepliaklqana
Nemelex Xobeh
Ru
Vehumet
Xom
Yredelemnul
Jiyva
Lugonu

Shops:
D:13 *   Orc:2 *([:   Elf:1 [(   Snake:4 ***   Vaults:2 =   Vaults:3 [
Vaults:5 [   Depths:4 *

Portals:
Hell: Depths:1 Depths:2 Depths:3 Depths:4
Abyss: Tar:1 Depths:1 Depths:3
Pandemonium: Depths:2 Depths:3
Ziggurat: Depths:4
Trove: D:13 (give 4 potions of resistance)

Annotations:
Slime:5 Royal Jelly


Innate Abilities, Weirdness & Mutations

You are amphibious.
You cover ground slowly.
You can hop long distances.
You have an extended range of vision and can be seen from far away.
You have a pair of large horns on your head.
Your mind is very acute. (Int +8, Str/Dex -2)
Your flesh is heat resistant. (rF+)
You occasionally shout uncontrollably at your foes.
Your spells are harder to cast, but more powerful.
Your body has grown eyes which may confuse attackers. (Acc +3)
Your gelatinous body deflects attacks. (AC +3, EV +3)
You have a small jelly attached to you that may absorb projectiles.
You occasionally lose the ability to drink potions when taking damage.
You occasionally lose the ability to read scrolls when taking damage.


Message History

The Orb Guardian is heavily wounded.
Your +6 spectral demon blade hits the Orb Guardian!
The Orb Guardian completely misses you.
You slash the Orb Guardian!
The Orb Guardian is severely wounded.
Your +6 spectral demon blade hits the Orb Guardian!!
You kill the Orb Guardian!
Your +6 spectral demon blade disappears.
A rust devil comes into view.
You ribbit at the Orb Guardian!
An Orb Guardian comes into view.
The Orb Guardian moves out of view.
Aiming: Dig
Press: ? - help, Shift-Dir - straight line A rock wall.
This square is covered in magical glow.
The rock shatters into small pieces.
You block the Orb Guardian's attack. You block the Orb Guardian's attack.
You block the Orb Guardian's attack. You block the rust devil's attack.
The Orb Guardian completely misses you.
You slice the rust devil!!
You headbutt the rust devil, but do no damage.
The rust devil is severely wounded.
Your +6 spectral demon blade hits the rust devil!!!
You kill the rust devil!
You closely miss the Orb Guardian. You headbutt the Orb Guardian!
The Orb Guardian is lightly wounded.
Your +6 spectral demon blade hits the Orb Guardian!!
You block the Orb Guardian's attack.
You cut the Orb Guardian into ribbons!!!
The Orb Guardian is almost dead.
Your +6 spectral demon blade hits the Orb Guardian!!
You kill the Orb Guardian!
Your +6 spectral demon blade disappears.
You see here 3 stones.
You see here a stone.
There is an open door here.
There is a staircase leading out of the dungeon here.
You have escaped!

...#.###
#.######################
.......# #..# #.......
...#...# ##+# #.......
#......# ##.## #.......
......## #...# ###
#....... #.#.#.#
##.(.###.## ###.......
....#.# #(((.(#...#
#.........
....#.###.((((#(..#
#.....###.
#.#......(...('.@.#
#.........
#.#.#.###.((.(#...#
#......... #.....#
#(.(.(#...# #......##.
......# ##.((###.##
#......#.. #.#.#.# #(..#
### #....#.#.. #.....##
##.## ####.#.#..
..#....####'# #.#.###
###.##......# #...###
#.######### ##.#.#..


There were no monsters in sight!

Vanquished Creatures
  7 dread liches
  11 ancient liches
  5 orbs of fire
  The ghost of Hicanoach the Tainted, a master DsGl of Yredelemnul (Zot:3)
  3 juggernauts
  Boris (twice) (Depths:1 Crypt:1)
  Bai Suzhen (Elf:3)
  Parghit (Depths:4)
  Vv (Crypt:3)
  8 Killer Klowns (Zot:5)
  3 curse toes
  Margery (Vaults:4)
  Geryon (Hell)
  The ghost of Imio the Warrior, an adept DgCj (Depths:3)
  The ghost of Poanarph the Slayer, a veteran GrAl of Kikubaaqudgha (Depths:2)
  11 golden dragons
  The ghost of Jimoer the Warrior, an adept DsHu of Gozag (Depths:4)
  Jory (Crypt:2)
  5 profane servitors
  4 doom hounds
  A Tzitzimitl (D:14)
  2 electric golems (Zot:5)
  8 bone dragons
  2 Hell Sentinels
  Jorgrun (D:13)
  A shard shrike zombie (Abyss:4)
  A walking crystal tome (Depths:2)
  Grunn (Crypt:2)
  3 hellephants
  29 Orb Guardians
  Mlioglotl (Swamp:3)
  20 tentacled monstrosities
  A walking earthen tome (Abyss:4)
  A tainted leviathan (Tar:1)
  A shard shrike skeleton (Abyss:4)
  5 quicksilver dragons
  6 titans
  2 deep elf blademasters (Elf:3)
  2 deep elf master archers (Elf:3)
  10 death cobs
  14 liches
  A searing wretch (Vaults:4)
  A walking frostbound tome (Depths:4)
  2 sphinxes
  2 walking divine tomes
  8 Executioners
  7 ancient champions
  The ghost of peterlawrence the Slayer, an adept MiFi of Okawaru (Swamp:3)
  Agnes (D:14)
  46 tentacled starspawn
  8 tengu reavers
  5 nagarajas
  13 storm dragons
  Roxanne (D:15)
  5 revenants
  14 shadow dragons
  14 draconian monks
  6 draconian shifters
  An imperial myrmidon (Desolation)
  5 protean progenitors
  4 draconian knights
  8 deep elf sorcerers
  3 ghost moths
  3 deep elf elementalists
  14 vault wardens
  7 frost giants
  17 fire giants
  8 iron dragons
  3 draconian scorchers (Zot:3)
  3 caustic shrike zombies
  2 curse skulls
  A juggernaut zombie (Crypt:3)
  An angel (Abyss:4)
  The ghost of Ciageutz the Thaumaturge, a journeyman GnHW of Sif Muna (Snake:3)
  A spectral juggernaut (Tar:1)
  5 balrugs
  8 ghouls
  3 orc warlords
  5 draconian annihilators
  The ghost of Jingleheimer the Slicer, an adept VSFi of Okawaru (Orc:2)
  5 reapers
  4 cacodemons
  17 ironbound preservers
  6 draconian stormcallers
  43 very ugly things
  16 stone giants
  4 ophanim
  8 deep elf demonologists (Elf:3)
  6 dire elephants
  7 green draconians
  22 vampire knights
  12 deep elf death magi
  6 ironbound thunderhulks
  8 red draconians
  4 black draconians
  8 war gargoyles
  6 purple draconians
  2 eleionomae
  12 white draconians
  2 halazid warlocks (Desolation)
  6 yellow draconians
  5 spark wasps
  3 lorocyprocas
  5 bunyips
  4 deep elf annihilators (Elf:3)
  Azrael (D:12)
  10 eidola
  6 crystal guardians
  8 fire dragons
  16 ettins
  6 green deaths
  4 blizzard demons
  A quicksilver dragon zombie (Crypt:3)
  A spectral spriggan (Tar:1)
  Josephine (D:12)
  8 deep elf high priests
  8 ragged hierophants (Desolation)
  An entropy weaver (shapeshifter) (Abyss:3)
  8 yaktaur captains
  A quicksilver dragon skeleton (Abyss:4)
  7 salamander tyrants
  An entropy weaver (Vaults:2)
  4 servants of whispers (Desolation)
  10 jiangshi
  7 peacekeepers
  10 rakshasas
  A spriggan zombie (Abyss:2)
  A hell beast (Swamp:4)
  2 ghost crabs
  10 ice dragons
  4 ogre magi
  4 spriggan air magi
  A juggernaut simulacrum (Depths:2)
  32 vault guards
  9 centaur warriors
  6 ironbound frosthearts
  A death knight (Crypt:2)
  12 alligators
  21 hydras
  15 anacondas
  2 satyrs (Zot:3)
  2 two-headed ogres
  2 catoblepae
  35 dancing weapons
  10 deep troll shamans
  A boulder beetle (Vaults:3)
  4 deep troll earth magi
  6 tengu warriors
  21 naga warriors
  14 vampire magi
  3 demonic crawlers (Abyss:4)
  18 naga sharpshooters
  96 thrashing horrors
  5 orc high priests
  6 shock serpents
  7 spriggan berserkers
  12 hell hogs
  16 spriggans
  A titan zombie (Crypt:3)
  2 occultists (Depths:2)
  2 storm dragon zombies (Crypt:3)
  18 sun demons
  51 wretched stars
  16 hell knights
  15 deep elf knights
  Sonja (Lair:1)
  12 soul eaters
  A skyshark (Lair:5)
  24 skeletal warriors
  9 salamander mystics
  9 iron trolls
  8 goliath frogs
  6 sixfirhies
  2 cherubim (Abyss:4)
  7 spatial maelstroms
  2 death drakes
  4 flayed ghosts
  10 shadow wraiths
  A sea snake (Snake:2)
  16 mana vipers
  57 deep trolls
  6 arcanists
  107 large abominations
  3 swamp dragons
  6 naga ritualists
  2 bunyip zombies (Crypt:3)
  A spark wasp zombie (Depths:1)
  A golden dragon skeleton (Crypt:3)
  An obsidian statue (Depths:4)
  A sea snake (shapeshifter) (Vaults:5)
  8 deep elf archers
  10 bog bodies
  4 spriggan druids
  17 phantasmal warriors
  11 lindwurms
  24 deep elf zephyrmancers
  7 harpies
  An elf zombie (Vaults:3)
  A human zombie (Vaults:4)
  28 ironbound convokers
  10 necromancers
  2 wolf spiders (Lair:5)
  9 orc knights
  17 moths of wrath
  60 ugly things
  31 deep elf pyromancers
  4 orc sorcerers
  29 salamanders
  7 cyclopes
  A salamander (shapeshifter) (Abyss:4)
  2 fauns (Zot:5)
  3 manticores
  An elephant (shapeshifter) (Depths:2)
  8 will-o-the-wisps
  12 worldbinders
  A jorogumo skeleton (Crypt:3)
  2 meliai (shapeshifter)
  36 black mambas
  11 apocalypse crabs
  A fire giant skeleton (Vaults:4)
  13 elephants
  A dire elephant zombie (Abyss:3)
  20 guardian serpents
  2 centaur zombies (Crypt:3)
  3 kobold blastminers (Orc:2)
  10 rust devils
  19 vault sentinels
  40 smoke demons
  2 stone giant skeletons
  21 naga magi
  A molten gargoyle (Desolation)
  A green draconian zombie (Crypt:2)
  13 orange demons
  18 cane toads
  8 unseen horrors
  A gargoyle (D:11)
  6 torpor snails
  A centaur skeleton (Crypt:1)
  A dire elephant skeleton (Crypt:1)
  5 ice devils
  A rime drake (shapeshifter) (Abyss:5)
  A rime drake (Lair:5)
  6 efreet
  An anaconda simulacrum (Abyss:4)
  2 tormentors
  A yellow draconian zombie (Crypt:2)
  7 freezing wraiths
  6 hellions
  28 yaktaurs
  8 komodo dragons
  A hydra zombie (Abyss:5)
  2 harpy zombies (Crypt:3)
  A death yak skeleton (Crypt:3)
  51 ancient zymes
  4 tengu conjurers
  A polar bear (shapeshifter) (D:14)
  2 purple draconian skeletons (Crypt:3)
  A yaktaur skeleton (Vaults:3)
  A troll (shapeshifter) (Elf:1)
  A wind drake (Abyss:4)
  An unseen horror skeleton (Crypt:1)
  8 trolls
  2 catoblepas skeletons (Crypt:1)
  A polar bear (Lair:3)
  A spectral harpy (Tar:1)
  11 hellwings
  A tengu simulacrum (Crypt:2)
  Prince Ribbit (Lair:2)
  A tarantella (shapeshifter) (Vaults:5)
  11 tyrant leeches
  A hornet (shapeshifter) (Elf:3)
  52 saltlings (Desolation)
  A tarantella (Vaults:2)
  36 blink frogs
  4 harpy skeletons
  20 hornets
  A boulder beetle zombie (Crypt:3)
  A fire giant simulacrum (Depths:1)
  A meliai zombie (Crypt:2)
  10 dream sheep
  122 raiju
  A death drake skeleton (Crypt:1)
  A dream sheep (shapeshifter) (Elf:1)
  A spectral black mamba (Tar:1)
  2 air elementals
  A black mamba zombie (Crypt:3)
  A frost giant simulacrum (Depths:1)
  A water elemental (Elf:1)
  A centaur simulacrum (D:14)
  15 ynoxinuls
  18 wraiths
  5 spriggan skeletons
  22 vampires
  A hog (shapeshifter) (D:14)
  7 shadows
  An ice dragon skeleton (Crypt:1)
  A spectral kobold (Orc:2)
  3 fire bats (Abyss:4)
  38 yaks
  6 fire elementals
  17 wyverns
  6 steam dragons
  A dire elephant simulacrum (Abyss:4)
  28 neqoxecs
  3 spatial vortices
  7 vampire mosquitoes
  A basilisk (D:14)
  286 starcursed masses
  A yaktaur simulacrum (Vaults:3)
  3 redbacks
  18 chaos spawn
  A naga zombie (Crypt:1)
  A two-headed ogre zombie (Crypt:1)
  64 nagas
  2 harpy simulacra
  A human simulacrum (Vaults:4)
  18 swamp worms
  20 water moccasins
  A glowing shapeshifter zombie (Vaults:3)
  6 hell hounds
  A swamp drake (shapeshifter) (Abyss:4)
  A black bear (D:4)
  26 orc warriors
  A black bear (shapeshifter) (Depths:3)
  A swamp dragon zombie (Crypt:1)
  2 swamp drakes
  An ettin simulacrum (Abyss:4)
  110 laughing skulls
  60 small abominations
  A boggart (Vaults:1)
  A lindwurm skeleton (Crypt:2)
  9 wolves
  2 ogres
  10 centaurs
  7 kobold brigands
  A spectral warg (Orc:2)
  24 weeping skulls
  8 brain worms
  4 necrophages
  8 earth elementals
  11 bullfrogs
  A naga simulacrum (Hell)
  2 scorpions
  A spectral ogre (Orc:2)
  A swamp dragon simulacrum (Crypt:1)
  A jelly (Zot:3)
  3 killer bees (D:10)
  5 electric eels
  2 bombardier beetles
  3 howler monkeys
  2 troll skeletons
  4 lava snakes (Lair:2)
  A crimson imp (Abyss:4)
  4 hounds
  7 quasits
  27 orc priests
  3 iron imps (Abyss:4)
  A sleepcap (D:6)
  9 iguanas
  20 orc wizards
  12 hell rats
  A boggart skeleton (Crypt:3)
  A killer bee zombie (Crypt:1)
  2 spectral orcs (Orc:2)
  5 adders
  A gnoll (Bailey)
  2 white imps
  6 ufetubi
  7 dart slugs
  2 ribbon worms
  48 orcs
  6 ball pythons
  5 bats
  2 endoplasms
  A giant cockroach (D:1)
  10 goblins
  11 hobgoblins
  7 jackals
  18 kobolds
  2 quokkas (D:1)
  A ball python skeleton (Crypt:1)
  A bombardier beetle zombie (Crypt:2)
  5 frilled lizards
  A frilled lizard zombie (Crypt:2)
  A goblin zombie (Crypt:1)
  A jackal zombie (Crypt:2)
  8 rats
  2 aspiring fleshes
  2 butterflies (Abyss:4)
  2 fire vortices (Hell)
  3 lurking horrors
  2 spectral weapons
  27 starspawn tentacles
3700 creatures vanquished.

Vanquished Creatures (collateral kills)
  A curse toe (Zot:4)
  A vault warden (Vaults:4)
  An orc warlord (Bailey)
  A putrid mouth (Tar:1)
  3 spectral spriggans (Tar:1)
  An ice dragon (D:12)
  A spectral fenstrider witch (Tar:1)
  A thrashing horror (Abyss:4)
  A spectral dire elephant (Tar:1)
  A wretched star (Abyss:3)
  A spectral hydra (Tar:1)
  A large abomination (Abyss:4)
  12 starcursed masses
  A necromancer (Vaults:4)
  A hellion (Abyss:4)
  A raiju (Abyss:4)
  A hound skeleton (Crypt:2)
  A starspawn tentacle (Abyss:3)
31 creatures vanquished.

Vanquished Creatures (others)
  The ghost of TPoD the Slayer, an adept HOMo of Beogh (Vaults:4)
  Asterion (Depths:2)
  3 acid blobs (Abyss:5)
  A tentacled starspawn (Abyss:5)
  A nagaraja (Snake:4)
  A draconian knight (Zot:3)
  An azure jelly (Vaults:4)
  A ghost moth (Abyss:4)
  3 formless jellyfish
  2 white draconians (Zot:1)
  A blizzard demon (Abyss:4)
  A hydra (Swamp:4)
  13 great orbs of eyes
  A servant of whispers (Desolation)
  2 peacekeepers (Desolation)
  An ogre mage (Vaults:5)
  A two-headed ogre (D:11)
  A dancing weapon (Abyss:4)
  A centaur warrior (D:14)
  18 glowing orange brains
  A hell knight (Hell)
  A shock serpent (shapeshifter) (Abyss:4)
  A naga sharpshooter (Snake:2)
  A spriggan (Swamp:2)
  A sea snake (shapeshifter) (Abyss:4)
  A deep troll (Vaults:1)
  An arcanist (Vaults:3)
  A mana viper (shapeshifter) (Depths:4)
  4 ironbound convokers
  6 large abominations
  A steelbarb worm (shapeshifter) (Abyss:4)
  2 lindwurms (Vaults:3)
  A shining eye (Abyss:2)
  6 ugly things
  A worldbinder (Abyss:5)
  An apocalypse crab (Abyss:5)
  7 eyes of devastation
  A black mamba (Snake:2)
  A meliai (shapeshifter) (Abyss:4)
  A vault sentinel (Vaults:4)
  2 smoke demons (Abyss:4)
  A water nymph (shapeshifter) (Abyss:4)
  2 cane toads (shapeshifter)
  3 yaktaurs
  A tormentor (Abyss:3)
  5 bloated husks
  A blink frog (Abyss:4)
  9 saltlings (Desolation)
  A merfolk (shapeshifter) (Abyss:5)
  A hornet (Swamp:2)
  2 glass eyes
  3 raiju
  28 slime creatures
  2 shadows
  A wraith (Abyss:3)
  A yak (Abyss:4)
  5 golden eyes (Abyss:4)
  A golden eye (shapeshifter) (Abyss:4)
  A neqoxec (Abyss:4)
  A naga (Snake:3)
  3 swamp worms (shapeshifter)
  3 small abominations
  3 hell hounds (Abyss:5)
  2 water moccasins
  4 laughing skulls
  A sky beast (shapeshifter) (D:14)
  3 boggarts (Vaults:1)
  An ogre (Orc:1)
  3 centaurs
  A kobold brigand (Abyss:3)
  2 brain worms
  A bullfrog (D:8)
  4 killer bees (D:8)
  381 jellies
  A bombardier beetle (D:7)
  3 starcursed masses
  An iron imp (Abyss:4)
  5 orc priests
  A sleepcap (D:5)
  8 orc wizards
  A spectral orc (Orc:2)
  2 ogre simulacra (Orc:2)
  An adder (D:5)
  2 ufetubi
  2 dart slugs (D:5)
  13 orcs
  2 hobgoblins
  A jackal (D:5)
  3 kobolds (Bailey)
  2 creeping infernos (Hell)
  65 foxfires
  6 lurking horrors
  75 spectral weapons
  96 starspawn tentacles
868 creatures vanquished.

Grand Total: 4599 creatures vanquished

Notes
Turn   | Place    | Note
-------+----------+-------------------------------------------
     0 | D:1      | Tripartite the Barachi Gladiator began the quest for the
                  | Orb.
     0 | D:1      | Reached XP level 1. HP: 17/17 MP: 1/1
    96 | D:1      | Reached XP level 2. HP: 18/23 MP: 2/2
   203 | D:1      | Reached XP level 3. HP: 29/29 MP: 3/3
   396 | D:1      | Got Xitrul's Compendium of the Sandy Damned
   793 | D:2      | Reached XP level 4. HP: 37/37 MP: 4/4
   835 | D:2      | Found a faded altar of an unknown god.
   848 | D:2      | Prayed at the altar of an unknown god.
   848 | D:2      | Became a worshipper of Jiyva Jeneqyto the Shapeless
   848 | D:2      | Reached * piety under Jiyva
  1147 | D:2      | Reached ** piety under Jiyva
  1474 | D:3      | Reached skill level 5 in Long Blades
  1686 | D:3      | Reached *** piety under Jiyva
  1692 | D:3      | Gained mutation: You have a somewhat thin skeletal
                  | structure. (Dex +2, Stealth+) [Jiyva's grace]
  1692 | D:3      | Gained mutation: You have a moderately thin skeletal
                  | structure. (Dex +4, Stealth++) [Jiyva's grace]
  1692 | D:3      | Gained mutation: You have an unnaturally thin skeletal
                  | structure. (Dex +6, Stealth+++) [Jiyva's grace]
  1692 | D:3      | Gained mutation: You are resistant to electric shocks.
                  | (rElec) [Jiyva's grace]
  1804 | D:3      | Identified the +8 chain mail "Rouliy" {rCorr Int+3}
  2293 | D:4      | Noticed a scorpion
  2299 | D:4      | Killed a scorpion
  2300 | D:4      | Reached skill level 1 in Armour
  2300 | D:4      | Reached XP level 5. HP: 43/43 MP: 5/5
  2367 | D:4      | Noticed a black bear
  2391 | D:4      | Killed a black bear
  2392 | D:4      | Reached skill level 5 in Fighting
  2392 | D:4      | Reached XP level 6. HP: 20/51 MP: 2/6
  2712 | D:4      | Found a sparkling altar of Nemelex Xobeh.
  2712 | D:4      | Found a shimmering altar of Xom.
  2872 | D:4      | Reached **** piety under Jiyva
  3012 | D:5      | Entered Level 5 of the Dungeon
  3014 | D:5      | Noticed a shadow
  3017 | D:5      | Killed a shadow
  3018 | D:5      | Reached XP level 7. HP: 58/58 MP: 5/7
  3484 | D:5      | Lost mutation: You have an unnaturally thin skeletal
                  | structure. (Dex +6, Stealth+++) [Jiyva's grace]
  3484 | D:5      | Lost mutation: You have a moderately thin skeletal
                  | structure. (Dex +4, Stealth++) [Jiyva's grace]
  3484 | D:5      | Gained mutation: Your system is resistant to poisons.
                  | (rPois) [Jiyva's grace]
  3484 | D:5      | Gained mutation: You passively dampen the noise of your
                  | surroundings. [Jiyva's grace]
  3484 | D:5      | Gained mutation: Armour fits poorly on your pseudopods.
                  | [Jiyva's grace]
  3484 | D:5      | Gained mutation: Armour fits poorly on your large
                  | pseudopods. [Jiyva's grace]
  3594 | D:6      | Found a radiant altar of Vehumet.
  3652 | D:6      | Reached skill level 5 in Armour
  3652 | D:6      | Reached XP level 8. HP: 59/65 MP: 8/8
  3820 | D:6      | Reached ***** piety under Jiyva
  4399 | D:7      | Noticed a wyvern
  4408 | D:7      | Killed a wyvern
  4419 | D:7      | Found a staircase to the Ecumenical Temple.
  4440 | D:7      | Found a basalt altar of Yredelemnul.
  4452 | D:7      | Found a flagged portal.
  4462 | Bailey   | Entered a bailey
  4517 | Bailey   | Noticed an orc warlord
  4608 | Bailey   | Found a runed translucent gate.
  4608 | Bailey   | Found a runed translucent gate.
  4608 | Bailey   | Found a runed translucent gate.
  4611 | Bailey   | Noticed an orc knight
  4629 | Bailey   | Killed an orc knight
  4630 | Bailey   | Reached XP level 9. HP: 75/75 MP: 9/9
  4751 | Bailey   | Killed an orc warlord
  4763 | Bailey   | Got Haxtanio's Lessons on the Twisted Cumulonimbus
  4822 | D:7      | Reached skill level 10 in Long Blades
  5076 | D:7      | Reached skill level 10 in Fighting
  5076 | D:7      | Noticed a komodo dragon
  5088 | D:7      | Killed a komodo dragon
  5089 | D:7      | Reached XP level 10. HP: 39/85 MP: 8/10
  5453 | D:8      | Lost mutation: Armour fits poorly on your large pseudopods.
                  | [Jiyva's grace]
  5453 | D:8      | Gained mutation: Your muscles are strong. (Str +4, Int/Dex
                  | -1) [Jiyva's grace]
  5453 | D:8      | Gained mutation: Your muscles are very strong. (Str +8,
                  | Int/Dex -2) [Jiyva's grace]
  5453 | D:8      | Gained mutation: You have a small jelly attached to you
                  | that senses nearby items. [Jiyva's grace]
  5453 | D:8      | Gained mutation: You have sharp toenails. [Jiyva's grace]
  6140 | D:8      | Reached ****** piety under Jiyva
  6465 | D:9      | Found a staircase to the Lair.
  6695 | D:9      | Noticed a two-headed ogre
  6704 | D:9      | Killed a two-headed ogre
  6705 | D:9      | Reached skill level 5 in Dodging
  6735 | D:9      | Reached skill level 10 in Armour
  6967 | D:9      | Lost mutation: You are resistant to electric shocks.
                  | (rElec) [Jiyva's grace]
  6967 | D:9      | Lost mutation: You have a small jelly attached to you that
                  | senses nearby items. [Jiyva's grace]
  6967 | D:9      | Gained mutation: You have razor-sharp toenails. [Jiyva's
                  | grace]
  6967 | D:9      | Gained mutation: You have claws for feet. [Jiyva's grace]
  6967 | D:9      | Gained mutation: Your rubbery body absorbs attacks. (AC +1,
                  | EV +1) [Jiyva's grace]
  6967 | D:9      | Gained mutation: Your pliable body absorbs attacks. (AC +2,
                  | EV +2) [Jiyva's grace]
  7022 | D:9      | Found a blossoming altar of Fedhas.
  7022 | D:9      | Found the Hermit's Pendant {Faith Invo=14 Evo=0 MP+5}
  7024 | D:9      | Found a sacrificial altar of Ru.
  7222 | D:10     | Entered Level 10 of the Dungeon
  7549 | D:10     | Reached XP level 11. HP: 93/93 MP: 11/11
  7945 | D:11     | Found a staircase to the Orcish Mines.
  7985 | D:11     | Noticed a cyclops
  7999 | D:11     | Killed a cyclops
  8396 | D:11     | Noticed an ogre mage
  8398 | D:11     | Lost mutation: Your muscles are very strong. (Str +8,
                  | Int/Dex -2) [Jiyva's grace]
  8398 | D:11     | Lost mutation: Your muscles are strong. (Str +4, Int/Dex
                  | -1) [Jiyva's grace]
  8398 | D:11     | Lost mutation: Armour fits poorly on your pseudopods.
                  | [Jiyva's grace]
  8398 | D:11     | Gained mutation: Your gelatinous body deflects attacks. (AC
                  | +3, EV +3) [Jiyva's grace]
  8398 | D:11     | Gained mutation: You have acidic saliva. [Jiyva's grace]
  8398 | D:11     | Lost mutation: You have claws for feet. [Jiyva's grace]
  8398 | D:11     | Lost mutation: You have razor-sharp toenails. [Jiyva's
                  | grace]
  8398 | D:11     | Lost mutation: You have sharp toenails. [Jiyva's grace]
  8398 | D:11     | Gained mutation: You have large cloven feet. [Jiyva's
                  | grace]
  8398 | D:11     | Gained mutation: You have hoof-like feet. [Jiyva's grace]
  8426 | D:11     | Noticed a two-headed ogre
  8446 | D:11     | Killed a two-headed ogre
  8549 | D:11     | Identified the +4 falchion "Kugiotin" {flame, rPois Str+3}
  8781 | Lair:1   | Entered Level 1 of the Lair of Beasts
  9270 | Lair:1   | Noticed Sonja
  9286 | Lair:1   | Killed Sonja
  9287 | Lair:1   | Reached XP level 12. HP: 102/103 MP: 12/12
  9836 | Lair:2   | Lost mutation: Your gelatinous body deflects attacks. (AC
                  | +3, EV +3) [Jiyva's grace]
  9836 | Lair:2   | Gained mutation: Armour fits poorly on your pseudopods.
                  | [Jiyva's grace]
  9836 | Lair:2   | Gained mutation: Armour fits poorly on your large
                  | pseudopods. [Jiyva's grace]
  9836 | Lair:2   | Gained mutation: Armour fits poorly on your massive
                  | pseudopods. [Jiyva's grace]
  9836 | Lair:2   | Gained mutation: You have hidden genetic potential.
                  | [Jiyva's grace]
  9962 | Lair:2   | Found a staircase to the Snake Pit.
 10177 | Lair:2   | Noticed an eight-headed hydra
 10496 | D:12     | Noticed Josephine
 10506 | D:12     | Killed Josephine
 10592 | D:12     | Noticed an ice dragon
 10593 | D:12     | Noticed a fire dragon
 10594 | D:12     | Found a runed translucent door.
 10594 | D:12     | Noticed an ice dragon
 10594 | D:12     | Found the +2 shield of Resistance {rF++ rC++ Will++}
 10594 | D:12     | Noticed a fire dragon
 10595 | D:12     | Found a runed translucent door.
 10880 | D:12     | Gained mutation: You can hop long distances. [Barachi
                  | growth]
 10880 | D:12     | Reached XP level 13. HP: 113/113 MP: 13/13
 10953 | D:12     | Reached skill level 10 in Dodging
 11415 | D:12     | Killed an ice dragon
 11420 | D:12     | Killed a fire dragon
 11429 | D:12     | Killed an ice dragon
 11434 | D:12     | Killed a fire dragon
 11445 | D:12     | Noticed Azrael
 11448 | D:12     | Gained mutation: You expend magic power (3 MP) to
                  | strengthen your wands. [hidden potential]
 11449 | D:12     | Killed Azrael
 11636 | Lair:2   | Reached skill level 1 in Shields
 11715 | Lair:2   | Reached skill level 15 in Fighting
 12008 | Lair:2   | Noticed Prince Ribbit
 12024 | Lair:2   | Killed Prince Ribbit
 12300 | Lair:3   | Reached skill level 5 in Shields
 12533 | Lair:3   | Lost mutation: Your system is resistant to poisons. (rPois)
                  | [Jiyva's grace]
 12533 | Lair:3   | Lost mutation: You expend magic power (3 MP) to strengthen
                  | your wands. [Jiyva's grace]
 12533 | Lair:3   | Gained mutation: Your flesh is heat resistant. (rF+)
                  | [Jiyva's grace]
 12533 | Lair:3   | Gained mutation: Your flesh is very heat resistant. (rF++)
                  | [Jiyva's grace]
 12533 | Lair:3   | Gained mutation: Your flesh is almost immune to the effects
                  | of heat. (rF+++) [Jiyva's grace]
 12533 | Lair:3   | Gained mutation: Your system is resistant to poisons.
                  | (rPois) [Jiyva's grace]
 12541 | Lair:3   | Reached XP level 14. HP: 123/125 MP: 14/14
 12859 | Lair:3   | Found a staircase to the Swamp.
 13141 | Lair:4   | Found a viscous altar of Jiyva.
 13141 | Lair:4   | Found a staircase to the Slime Pits.
 13177 | Lair:4   | Found a dark tunnel.
 13188 | Volcano  | Entered a volcano
 14224 | Slime:1  | Entered Level 1 of the Pits of Slime
 14230 | Slime:1  | Noticed a formless jellyfish
 14230 | Slime:1  | Noticed a formless jellyfish
 14236 | Slime:1  | Noticed a formless jellyfish
 14267 | Slime:1  | Noticed a rockslime
 14273 | Slime:1  | Noticed an azure jelly
 14298 | Slime:1  | Noticed a rockslime
 14299 | Slime:1  | Noticed an azure jelly
 14419 | Slime:2  | Noticed a rockslime
 14427 | Slime:2  | Noticed a rockslime
 14473 | Slime:2  | Noticed an azure jelly
 14473 | Slime:2  | Noticed an azure jelly
 14559 | Slime:3  | Noticed an acid blob
 14705 | Slime:4  | Noticed a rockslime
 14705 | Slime:4  | Noticed an acid blob
 14706 | Slime:4  | Noticed an acid blob
 14860 | Slime:5  | Entered Level 5 of the Pits of Slime
 14860 | Slime:5  | Found the +8 trishula "Condemnation" {holy, anguish, *Noise
                  | Fly rN+}
 14881 | Slime:5  | Identified the +8 scale mail of the Hot Ocelot {rF+ rC+}
 14885 | Slime:5  | Identified the amulet "Xipnev" {Acrobat SInv Stlth+}
 14894 | Slime:5  | Noticed a quicksilver ooze
 14894 | Slime:5  | Noticed an acid blob
 14907 | Slime:5  | Got the Vademecum on the Quantum Fifth Circle
 14922 | Slime:5  | Noticed an acid blob
 14925 | Slime:5  | Noticed a quicksilver ooze
 14946 | Slime:5  | Noticed a rockslime
 14948 | Slime:5  | Noticed an acid blob
 14950 | Slime:5  | Noticed an azure jelly
 14953 | Slime:5  | Noticed the Royal Jelly
 14955 | Slime:5  | Noticed an acid blob
 14956 | Slime:5  | Noticed a rockslime
 14956 | Slime:5  | Noticed an acid blob
 14961 | Slime:5  | Found a viscous altar of Jiyva.
 14972 | Slime:5  | Noticed an azure jelly
 14982 | Slime:5  | Identified the +2 scimitar "Necumass" {heavy, rCorr}
 14986 | Slime:5  | Got a slimy rune of Zot
 14986 | Slime:5  | Noticed an azure jelly
 14988 | Slime:5  | Noticed a quicksilver ooze
 14994 | Slime:5  | Noticed an azure jelly
 15809 | Lair:5   | Entered Level 5 of the Lair of Beasts
 15809 | Lair:5   | Lost mutation: You have a somewhat thin skeletal structure.
                  | (Dex +2, Stealth+) [Jiyva's grace]
 15809 | Lair:5   | Lost mutation: Your flesh is almost immune to the effects
                  | of heat. (rF+++) [Jiyva's grace]
 15809 | Lair:5   | Gained mutation: Your flesh is almost immune to the effects
                  | of heat. (rF+++) [Jiyva's grace]
 15809 | Lair:5   | Gained mutation: You have a pair of small horns on your
                  | head. [Jiyva's grace]
 15809 | Lair:5   | Gained mutation: You have a pair of horns on your head.
                  | [Jiyva's grace]
 15809 | Lair:5   | Gained mutation: You have a pair of large horns on your
                  | head. [Jiyva's grace]
 16349 | Lair:5   | Reached skill level 10 in Shields
 16694 | Lair:5   | Reached XP level 15. HP: 132/136 MP: 15/15
 17087 | Swamp:1  | Entered Level 1 of the Swamp
 17207 | Swamp:1  | Gained mutation: You are partially covered in iridescent
                  | scales. (AC +2) [hidden potential]
 17207 | Swamp:1  | Lost mutation: You have hidden genetic potential. [hidden
                  | potential expressed]
 17516 | Swamp:1  | Lost mutation: You have a pair of large horns on your head.
                  | [Jiyva's grace]
 17516 | Swamp:1  | Lost mutation: Your flesh is almost immune to the effects
                  | of heat. (rF+++) [Jiyva's grace]
 17516 | Swamp:1  | Lost mutation: Your flesh is very heat resistant. (rF++)
                  | [Jiyva's grace]
 17516 | Swamp:1  | Lost mutation: Your flesh is heat resistant. (rF+) [Jiyva's
                  | grace]
 17516 | Swamp:1  | Lost mutation: Your pliable body absorbs attacks. (AC +2,
                  | EV +2) [Jiyva's grace]
 17516 | Swamp:1  | Lost mutation: Armour fits poorly on your massive
                  | pseudopods. [Jiyva's grace]
 17516 | Swamp:1  | Lost mutation: You passively dampen the noise of your
                  | surroundings. [Jiyva's grace]
 17516 | Swamp:1  | Gained mutation: You have a small jelly attached to you
                  | that may absorb projectiles. [Jiyva's grace]
 17516 | Swamp:1  | Gained mutation: You are agile. (Dex +4, Str/Int -1)
                  | [Jiyva's grace]
 17516 | Swamp:1  | Gained mutation: You are very agile. (Dex +8, Str/Int -2)
                  | [Jiyva's grace]
 17516 | Swamp:1  | Gained mutation: You are covered in slimy tendrils that may
                  | disarm your opponents. [Jiyva's grace]
 17779 | Swamp:2  | Reached skill level 15 in Long Blades
 18371 | Swamp:3  | Noticed Mlioglotl
 18377 | Swamp:3  | Noticed a dread lich
 18392 | Swamp:3  | Killed Mlioglotl
 18488 | Swamp:3  | Found a runed translucent gate.
 18489 | Swamp:3  | Found a runed translucent gate.
 18490 | Swamp:3  | Found a runed translucent gate.
 18547 | Swamp:3  | Noticed peterlawrence's ghost (adept MiFi)
 18676 | Swamp:3  | Reached skill level 15 in Armour
 19135 | Snake:1  | Entered Level 1 of the Snake Pit
 19146 | Snake:1  | Reached XP level 16. HP: 145/145 MP: 16/16
 19788 | Snake:1  | Lost mutation: You have a pair of horns on your head.
                  | [Jiyva's grace]
 19788 | Snake:1  | Lost mutation: You are partially covered in iridescent
                  | scales. (AC +2) [Jiyva's grace]
 19788 | Snake:1  | Lost mutation: You are very agile. (Dex +8, Str/Int -2)
                  | [Jiyva's grace]
 19788 | Snake:1  | Lost mutation: You have acidic saliva. [Jiyva's grace]
 19788 | Snake:1  | Lost mutation: Armour fits poorly on your large pseudopods.
                  | [Jiyva's grace]
 19788 | Snake:1  | Gained mutation: You are resistant to electric shocks.
                  | (rElec) [Jiyva's grace]
 19788 | Snake:1  | Gained mutation: You have hidden genetic potential.
                  | [Jiyva's grace]
 19788 | Snake:1  | Gained mutation: You have great hidden genetic potential.
                  | [Jiyva's grace]
 19788 | Snake:1  | Gained mutation: You have a small jelly attached to you
                  | that senses nearby items. [Jiyva's grace]
 20825 | Snake:3  | Reached XP level 17. HP: 143/153 MP: 17/17
 21359 | Snake:3  | Found a transporter.
 21362 | Snake:3  | Noticed Ciageutz's ghost (journeyman GnHW)
 21374 | Snake:3  | Lost mutation: You have hoof-like feet. [Jiyva's grace]
 21374 | Snake:3  | Lost mutation: You have a small jelly attached to you that
                  | senses nearby items. [Jiyva's grace]
 21374 | Snake:3  | Gained mutation: Your movements are slightly less
                  | encumbered by armour. (ER -2) [Jiyva's grace]
 21374 | Snake:3  | Gained mutation: Your movements are less encumbered by
                  | armour. (ER -4) [Jiyva's grace]
 21374 | Snake:3  | Gained mutation: Your movements are significantly less
                  | encumbered by armour. (ER -6) [Jiyva's grace]
 21374 | Snake:3  | Gained mutation: Your translucent skin slightly reduces
                  | your foes' accuracy. (Stealth+) [Jiyva's grace]
 21456 | Snake:3  | Found a transporter.
 21729 | Snake:4  | Entered Level 4 of the Snake Pit
 21912 | Snake:3  | Gained mutation: You are robust. (+10% HP) [hidden
                  | potential]
 21994 | Snake:4  | Found Befo's Assorted Antiques.
 22039 | Snake:4  | Found Fopsusithra's Assorted Antiques.
 22041 | Snake:4  | Found Joekaigg's General Store.
 22052 | Snake:4  | Bought a potion of haste for 240 gold pieces
 22980 | Snake:4  | Reached skill level 15 in Shields
 23243 | Snake:4  | Reached XP level 18. HP: 125/178 MP: 18/18
 23250 | Snake:4  | Got a serpentine rune of Zot
 23511 | Snake:3  | Killed Ciageutz's ghost
 23579 | Snake:3  | Identified the ring "Wiafanick" {Ice Slay+5}
 23581 | Snake:3  | Identified the ring of Dithmenos's Favour {rF+ Dex+6}
 23922 | Orc:1    | Entered Level 1 of the Orcish Mines
 24125 | Orc:2    | Entered Level 2 of the Orcish Mines
 24294 | Orc:2    | Found a runed translucent gate.
 24294 | Orc:2    | Found a runed translucent gate.
 24294 | Orc:2    | Found a runed translucent gate.
 24294 | Orc:2    | Noticed Jingleheimer's ghost (adept VSFi)
 24691 | Orc:2    | Found Ukecaggo's General Store.
 24691 | Orc:2    | Found Agrips's Book Shoppe.
 24691 | Orc:2    | Found Zusih's Antique Armour Shoppe.
 24696 | Orc:2    | Found Kyir Cau's Weapon Emporium.
 24697 | Orc:2    | Gained mutation: Your mind is acute. (Int +4, Str/Dex -1)
                  | [hidden potential]
 24697 | Orc:2    | Lost mutation: You have great hidden genetic potential.
                  | [hidden potential expressed]
 24713 | Orc:2    | Found a staircase to the Elven Halls.
 24942 | Orc:2    | Lost mutation: You have a pair of small horns on your head.
                  | [Jiyva's grace]
 24942 | Orc:2    | Lost mutation: Armour fits poorly on your pseudopods.
                  | [Jiyva's grace]
 24942 | Orc:2    | Lost mutation: Your translucent skin slightly reduces your
                  | foes' accuracy. (Stealth+) [Jiyva's grace]
 24942 | Orc:2    | Lost mutation: Your movements are significantly less
                  | encumbered by armour. (ER -6) [Jiyva's grace]
 24942 | Orc:2    | Gained mutation: Your natural rate of healing is unusually
                  | fast. [Jiyva's grace]
 24942 | Orc:2    | Gained mutation: You heal very quickly. [Jiyva's grace]
 24942 | Orc:2    | Gained mutation: You regenerate. [Jiyva's grace]
 24942 | Orc:2    | Gained mutation: Your spells are a little harder to cast,
                  | but a little more powerful. [Jiyva's grace]
 25292 | D:13     | Identified the +1 chain mail "Woemm" {rF+ Dex+3}
 25400 | D:13     | Found a portal to a secret trove of treasure.
 25401 | D:13     | Noticed Jorgrun
 25414 | D:13     | Killed Jorgrun
 25451 | D:13     | Found Xupsasur's Assorted Antiques.
 25908 | D:14     | Noticed Agnes
 25918 | D:14     | Killed Agnes
 25990 | D:14     | Lost mutation: You have hidden genetic potential. [Jiyva's
                  | grace]
 25990 | D:14     | Lost mutation: Your movements are less encumbered by
                  | armour. (ER -4) [Jiyva's grace]
 25990 | D:14     | Gained mutation: You have an increased reservoir of magic.
                  | (+10% MP) [Jiyva's grace]
 25990 | D:14     | Gained mutation: You have a considerably increased
                  | reservoir of magic. (+20% MP) [Jiyva's grace]
 25990 | D:14     | Gained mutation: You have a greatly increased reservoir of
                  | magic. (+30% MP) [Jiyva's grace]
 25990 | D:14     | Gained mutation: You possess an exceptional clarity of
                  | mind. [Jiyva's grace]
 26018 | D:14     | You fall into a shaft and drop 1 floor!
 26018 | D:15     | Entered Level 15 of the Dungeon
 26238 | D:15     | Noticed Roxanne
 26270 | D:15     | Killed Roxanne
 26670 | D:15     | Found a staircase to the Depths.
 27193 | Swamp:3  | Killed peterlawrence's ghost
 27204 | Swamp:4  | Entered Level 4 of the Swamp
 27328 | Swamp:4  | Noticed a tentacled monstrosity
 27337 | Swamp:4  | Killed a tentacled monstrosity
 27420 | Swamp:4  | Reached XP level 19. HP: 144/187 MP: 24/24
 27641 | Swamp:4  | Got a decaying rune of Zot
 28377 | D:14     | Found a shadowy altar of Dithmenos.
 28494 | D:14     | Found a gate to the Vaults.
 28547 | D:14     | Lost mutation: You regenerate. [Jiyva's grace]
 28547 | D:14     | Lost mutation: Your spells are a little harder to cast, but
                  | a little more powerful. [Jiyva's grace]
 28547 | D:14     | Lost mutation: Your movements are slightly less encumbered
                  | by armour. (ER -2) [Jiyva's grace]
 28547 | D:14     | Gained mutation: You are very robust. (+20% HP) [Jiyva's
                  | grace]
 28547 | D:14     | Gained mutation: You are extremely robust. (+30% HP)
                  | [Jiyva's grace]
 28547 | D:14     | Gained mutation: Your flesh is cold resistant. (rC+)
                  | [Jiyva's grace]
 28547 | D:14     | Gained mutation: Your flesh is very cold resistant. (rC++)
                  | [Jiyva's grace]
 28867 | Vaults:1 | Entered Level 1 of the Vaults
 29458 | Orc:2    | Bought 2 potions of degeneration for 22 gold pieces
 29458 | Orc:2    | Bought a scroll of teleportation for 33 gold pieces
 29458 | Orc:2    | Bought a potion of invisibility for 88 gold pieces
 29554 | Orc:2    | Identified the +5 sling of Dissatisfaction {drain, rN+}
 29601 | Orc:2    | Killed Jingleheimer's ghost
 31077 | Vaults:2 | Lost mutation: You are agile. (Dex +4, Str/Int -1) [Jiyva's
                  | grace]
 31077 | Vaults:2 | Lost mutation: You possess an exceptional clarity of mind.
                  | [Jiyva's grace]
 31077 | Vaults:2 | Lost mutation: You have a greatly increased reservoir of
                  | magic. (+30% MP) [Jiyva's grace]
 31077 | Vaults:2 | Lost mutation: You heal very quickly. [Jiyva's grace]
 31077 | Vaults:2 | Lost mutation: You are resistant to electric shocks.
                  | (rElec) [Jiyva's grace]
 31077 | Vaults:2 | Gained mutation: Your melee attacks may engulf your foes in
                  | ooze. [Jiyva's grace]
 31077 | Vaults:2 | Gained mutation: You have a beak for a mouth. [Jiyva's
                  | grace]
 31077 | Vaults:2 | Gained mutation: You possess an exceptional clarity of
                  | mind. [Jiyva's grace]
 31077 | Vaults:2 | Gained mutation: You are strong-willed. (Will+) [Jiyva's
                  | grace]
 31243 | Vaults:2 | Reached XP level 20. HP: 149/234 MP: 24/24
 31503 | Vaults:2 | Reached skill level 15 in Dodging
 31880 | Vaults:2 | Found Veutwad's Jewellery Shop.
 32509 | Vaults:3 | Found a staircase to the Crypt.
 32878 | Vaults:3 | Lost mutation: You have a considerably increased reservoir
                  | of magic. (+20% MP) [Jiyva's grace]
 32878 | Vaults:3 | Lost mutation: You are extremely robust. (+30% HP) [Jiyva's
                  | grace]
 32878 | Vaults:3 | Lost mutation: You are covered in slimy tendrils that may
                  | disarm your opponents. [Jiyva's grace]
 32878 | Vaults:3 | Lost mutation: You have a small jelly attached to you that
                  | may absorb projectiles. [Jiyva's grace]
 32878 | Vaults:3 | Lost mutation: Your melee attacks may engulf your foes in
                  | ooze. [Jiyva's grace]
 32878 | Vaults:3 | Gained mutation: You are partially covered in iridescent
                  | scales. (AC +2) [Jiyva's grace]
 32878 | Vaults:3 | Gained mutation: You are mostly covered in iridescent
                  | scales. (AC +4) [Jiyva's grace]
 32878 | Vaults:3 | Gained mutation: You are completely covered in iridescent
                  | scales. (AC +6) [Jiyva's grace]
 32878 | Vaults:3 | Gained mutation: You are covered in slimy tendrils that may
                  | disarm your opponents. [Jiyva's grace]
 33058 | Vaults:3 | Found Xiheerhu's Armour Shoppe.
 33143 | Vaults:4 | Killed TPoD's ghost
 33280 | Vaults:4 | Found a runed translucent gate.
 33280 | Vaults:4 | Found a runed translucent gate.
 33280 | Vaults:4 | Found a runed translucent gate.
 33294 | Vaults:4 | Noticed Margery
 33307 | Vaults:4 | Killed Margery
 33316 | Vaults:4 | Found a viscous altar of Jiyva.
 33509 | Vaults:4 | Reached XP level 21. HP: 163/217 MP: 23/23
 33981 | Vaults:4 | Got Sif Muna's Vellum of Company
 34256 | Elf:1    | Entered Level 1 of the Elven Halls
 34299 | Elf:1    | Found Ijemna's Weapon Shoppe.
 34299 | Elf:1    | Found Xijuac's Antique Armour Emporium.
 34772 | Elf:1    | Identified the +0 scale mail of Norebyedai {rF++ Str-5}
 35127 | Elf:2    | Lost mutation: You are completely covered in iridescent
                  | scales. (AC +6) [Jiyva's grace]
 35127 | Elf:2    | Lost mutation: You possess an exceptional clarity of mind.
                  | [Jiyva's grace]
 35127 | Elf:2    | Lost mutation: Your flesh is very cold resistant. (rC++)
                  | [Jiyva's grace]
 35127 | Elf:2    | Lost mutation: You are very robust. (+20% HP) [Jiyva's
                  | grace]
 35127 | Elf:2    | Gained mutation: Your melee attacks may engulf your foes in
                  | ooze. [Jiyva's grace]
 35127 | Elf:2    | Gained mutation: You are very robust. (+20% HP) [Jiyva's
                  | grace]
 35127 | Elf:2    | Gained mutation: You are extremely robust. (+30% HP)
                  | [Jiyva's grace]
 35127 | Elf:2    | Gained mutation: Your body has grown eyes which may confuse
                  | attackers. (Acc +3) [Jiyva's grace]
 35248 | Elf:2    | Found a crumbling gateway.
 35259 | Desolati | Entered the Desolation of Salt
 35657 | Desolati | Identified the +4 long sword "Tasoutaq" {vamp, rC+}
 35704 | Desolati | Identified the ring of Nyunk {rElec rF+ Will+ Dex+2}
 35705 | Desolati | Identified the amulet of Kamonlyr {Spirit *Corrode rPois
                  | rN+ Str+4}
 35909 | Desolati | Got the Opusculum on Phantasmal Iniquitous Secrets
 35925 | Desolati | Got Wissedyl's Enchiridion on Sparks and Anathema
 36278 | Elf:2    | Found a runed translucent gate.
 36279 | Elf:2    | Found a runed translucent gate.
 36279 | Elf:2    | Found a runed translucent gate.
 36811 | Elf:2    | Lost mutation: You have large cloven feet. [Jiyva's grace]
 36811 | Elf:2    | Lost mutation: Your flesh is cold resistant. (rC+) [Jiyva's
                  | grace]
 36811 | Elf:2    | Lost mutation: Your rubbery body absorbs attacks. (AC +1,
                  | EV +1) [Jiyva's grace]
 36811 | Elf:2    | Gained mutation: You are agile. (Dex +4, Str/Int -1)
                  | [Jiyva's grace]
 36811 | Elf:2    | Gained mutation: You are very agile. (Dex +8, Str/Int -2)
                  | [Jiyva's grace]
 36811 | Elf:2    | Gained mutation: You possess an exceptional clarity of
                  | mind. [Jiyva's grace]
 36811 | Elf:2    | Gained mutation: You have a considerably increased
                  | reservoir of magic. (+20% MP) [Jiyva's grace]
 36856 | Elf:2    | Reached XP level 22. HP: 254/254 MP: 26/26
 37116 | Elf:3    | Entered Level 3 of the Elven Halls
 37241 | Elf:3    | Noticed Bai Suzhen
 37248 | Elf:3    | Killed Bai Suzhen
 37662 | Elf:3    | Identified the +9 lajatang of Change {protect, rPois Str-3
                  | Dex+5 Stlth+}
 37670 | Elf:3    | Identified the +5 great sword "Tazaniy" {heavy, rPois rF+++
                  | Will- MP+9}
 37687 | Elf:3    | Identified the +0 chain mail of Xisu Figh {Int+5 Stlth+}
 37717 | Elf:3    | Identified the +10 short sword of Untruth {protect,
                  | *Corrode rF+++ Int+3 Dex+5}
 37720 | Elf:3    | Identified the +5 sling of Eternal Harmony {drain, Dex+3}
 37726 | Elf:3    | Got the Handbook of Lava and the Comitatus
 37731 | Elf:3    | Identified the staff of Neuxkoen {*Slow rN+ Int+3 Hexes
                  | Necro Fire}
 37812 | Elf:3    | Got the Guidebook on the Barrage
 38192 | Depths:1 | Entered Level 1 of the Depths
 38196 | Depths:1 | Found a one-way gate to the infinite horrors of the Abyss.
 38418 | Depths:1 | Noticed Boris
 38424 | Depths:1 | Killed Boris
 38657 | Depths:1 | Found a gateway to Hell.
 38805 | Depths:1 | Lost mutation: You are very agile. (Dex +8, Str/Int -2)
                  | [Jiyva's grace]
 38805 | Depths:1 | Lost mutation: Your natural rate of healing is unusually
                  | fast. [Jiyva's grace]
 38805 | Depths:1 | Gained mutation: Your rubbery body absorbs attacks. (AC +1,
                  | EV +1) [Jiyva's grace]
 38805 | Depths:1 | Gained mutation: Your pliable body absorbs attacks. (AC +2,
                  | EV +2) [Jiyva's grace]
 38805 | Depths:1 | Gained mutation: Your gelatinous body deflects attacks. (AC
                  | +3, EV +3) [Jiyva's grace]
 38805 | Depths:1 | Gained mutation: You have a small jelly attached to you
                  | that may absorb projectiles. [Jiyva's grace]
 38976 | Depths:2 | Found a one-way gate leading to the halls of Pandemonium.
 39052 | Depths:2 | Reached XP level 23. HP: 234/265 MP: 27/27
 39212 | Depths:2 | Found a runed translucent door.
 39214 | Depths:2 | Noticed Poanarph's ghost (veteran GrAl)
 39214 | Depths:2 | Noticed an ancient lich
 39222 | Depths:2 | Found a runed translucent door.
 39329 | Depths:2 | Found a hazy altar of Hepliaklqana.
 39352 | Depths:2 | Noticed a golden dragon
 39352 | Depths:2 | Noticed a juggernaut
 39370 | Depths:2 | Killed a juggernaut
 39376 | Depths:2 | Killed a golden dragon
 39407 | Depths:2 | Noticed Asterion
 39417 | Depths:2 | Killed Asterion
 39834 | Depths:2 | Identified the +7 war axe of Seump {heavy, rCorr}
 40286 | Depths:3 | Found a large runed translucent door.
 40286 | Depths:3 | Found a large runed translucent door.
 40296 | Depths:3 | Noticed Imio's ghost (adept DgCj)
 40432 | Depths:3 | Identified the +11 halberd of the Barnacled God {heavy,
                  | Will- Dex+5 Stlth+}
 40532 | Depths:3 | Noticed an ancient lich
 40546 | Depths:3 | Killed an ancient lich
 40677 | Depths:3 | Lost mutation: You are mostly covered in iridescent scales.
                  | (AC +4) [Jiyva's grace]
 40677 | Depths:3 | Lost mutation: You are agile. (Dex +4, Str/Int -1) [Jiyva's
                  | grace]
 40677 | Depths:3 | Lost mutation: Your mind is acute. (Int +4, Str/Dex -1)
                  | [Jiyva's grace]
 40677 | Depths:3 | Lost mutation: You have a considerably increased reservoir
                  | of magic. (+20% MP) [Jiyva's grace]
 40677 | Depths:3 | Lost mutation: Your system is resistant to poisons. (rPois)
                  | [Jiyva's grace]
 40677 | Depths:3 | Lost mutation: Your body has grown eyes which may confuse
                  | attackers. (Acc +3) [Jiyva's grace]
 40677 | Depths:3 | Lost mutation: Your gelatinous body deflects attacks. (AC
                  | +3, EV +3) [Jiyva's grace]
 40677 | Depths:3 | Lost mutation: You have a small jelly attached to you that
                  | may absorb projectiles. [Jiyva's grace]
 40677 | Depths:3 | Gained mutation: Your muscles are strong. (Str +4, Int/Dex
                  | -1) [Jiyva's grace]
 40677 | Depths:3 | Gained mutation: Your muscles are very strong. (Str +8,
                  | Int/Dex -2) [Jiyva's grace]
 40677 | Depths:3 | Gained mutation: You have a small jelly attached to you
                  | that may absorb projectiles. [Jiyva's grace]
 40677 | Depths:3 | Gained mutation: Your body has grown eyes which may confuse
                  | attackers. (Acc +3) [Jiyva's grace]
 41143 | Depths:4 | Entered Level 4 of the Depths
 41159 | Depths:4 | Identified the +0 pair of gloves of Makhleb's Condemnation
                  | {^Contam rElec rN++ rCorr}
 41197 | Depths:4 | Noticed a golden dragon
 41201 | Depths:4 | Noticed Parghit
 41242 | Depths:4 | Noticed a juggernaut
 41501 | Orc:2    | Bought the +9 scales of the Dragon King {rPois rF+ rC+
                  | Will+} for 3244 gold pieces
 41501 | Orc:2    | Found the +9 scales of the Dragon King {rPois rF+ rC+
                  | Will+}
 41867 | Depths:4 | Killed a golden dragon
 41872 | Depths:4 | Killed a juggernaut
 41898 | Depths:4 | Reached XP level 24. HP: 233/279 MP: 25/25
 41962 | Depths:4 | Found a gate to the Realm of Zot.
 42037 | Depths:4 | Killed Parghit
 42050 | Depths:4 | Found a runed translucent gate.
 42050 | Depths:4 | Found a runed translucent gate.
 42050 | Depths:4 | Found a runed translucent gate.
 42052 | Depths:4 | Found an opulent altar of Gozag.
 42052 | Depths:4 | Found Juliraid's Assorted Antiques.
 42053 | Depths:4 | Noticed Jimoer's ghost (adept DsHu)
 42109 | Depths:4 | Found a one-way gateway to a ziggurat.
 42316 | Zot:1    | Entered Level 1 of the Realm of Zot
 43394 | Zot:2    | Lost mutation: You are partially covered in iridescent
                  | scales. (AC +2) [Jiyva's grace]
 43394 | Zot:2    | Lost mutation: You are extremely robust. (+30% HP) [Jiyva's
                  | grace]
 43394 | Zot:2    | Lost mutation: Your pliable body absorbs attacks. (AC +2,
                  | EV +2) [Jiyva's grace]
 43394 | Zot:2    | Gained mutation: Your body has grown many eyes which may
                  | confuse attackers. (Acc +5) [Jiyva's grace]
 43394 | Zot:2    | Gained mutation: Your body is covered in eyes which may
                  | confuse attackers. (Acc +7, SInv) [Jiyva's grace]
 43394 | Zot:2    | Gained mutation: Your pliable body absorbs attacks. (AC +2,
                  | EV +2) [Jiyva's grace]
 43394 | Zot:2    | Gained mutation: Your gelatinous body deflects attacks. (AC
                  | +3, EV +3) [Jiyva's grace]
 43498 | Zot:2    | Noticed an orb of fire
 43517 | Zot:2    | Lost mutation: You are very robust. (+20% HP) [an orb of
                  | fire]
 43524 | Zot:2    | Gained mutation: You are vulnerable to heat. (rF-) [an orb
                  | of fire]
 43527 | Zot:2    | Killed an orb of fire
 44292 | Zot:3    | Noticed Hicanoach's ghost (master DsGl)
 44292 | Zot:3    | Noticed a curse toe
 44333 | Zot:3    | Reached XP level 25. HP: 173/245 MP: 25/25
 44627 | Zot:3    | Found a runed translucent gate.
 44627 | Zot:3    | Found a runed translucent gate.
 44627 | Zot:3    | Found a runed translucent gate.
 44633 | Zot:3    | Identified the +9 battleaxe "Wontec" {vamp, rCorr Int+3
                  | SInv}
 44844 | Zot:4    | Lost mutation: You are robust. (+10% HP) [Jiyva's grace]
 44844 | Zot:4    | Lost mutation: Your gelatinous body deflects attacks. (AC
                  | +3, EV +3) [Jiyva's grace]
 44844 | Zot:4    | Gained mutation: You are partially covered in large bone
                  | plates. (SH +4) [Jiyva's grace]
 44844 | Zot:4    | Gained mutation: You are mostly covered in large bone
                  | plates. (SH +6) [Jiyva's grace]
 44844 | Zot:4    | Gained mutation: You are completely covered in large bone
                  | plates. (SH +8) [Jiyva's grace]
 44844 | Zot:4    | Gained mutation: Your natural rate of healing is unusually
                  | fast. [Jiyva's grace]
 45072 | Zot:4    | Noticed an ancient lich
 45079 | Zot:4    | Killed an ancient lich
 46044 | Depths:1 | Voluntarily entered the Abyss.
 46276 | Abyss:2  | Lost mutation: Your muscles are very strong. (Str +8,
                  | Int/Dex -2) [Jiyva's grace]
 46276 | Abyss:2  | Lost mutation: Your pliable body absorbs attacks. (AC +2,
                  | EV +2) [Jiyva's grace]
 46276 | Abyss:2  | Lost mutation: You are vulnerable to heat. (rF-) [Jiyva's
                  | grace]
 46276 | Abyss:2  | Lost mutation: Your melee attacks may engulf your foes in
                  | ooze. [Jiyva's grace]
 46276 | Abyss:2  | Gained mutation: You are agile. (Dex +4, Str/Int -1)
                  | [Jiyva's grace]
 46276 | Abyss:2  | Gained mutation: You are very agile. (Dex +8, Str/Int -2)
                  | [Jiyva's grace]
 46276 | Abyss:2  | Gained mutation: Armour fits poorly on your pseudopods.
                  | [Jiyva's grace]
 46276 | Abyss:2  | Gained mutation: Armour fits poorly on your large
                  | pseudopods. [Jiyva's grace]
 46305 | Abyss:2  | Found a corrupted altar of Lugonu.
 46330 | Abyss:2  | Found a corrupted altar of Lugonu.
 46342 | Abyss:2  | Found a corrupted altar of Lugonu.
 46500 | Abyss:2  | Paralysed by accursed screaming for 2 turns
 46881 | Abyss:3  | Paralysed by accursed screaming for 2 turns
 46887 | Abyss:3  | Paralysed by accursed screaming for 2 turns
 46896 | Abyss:3  | Paralysed by accursed screaming for 2 turns
 46901 | Abyss:3  | Paralysed by accursed screaming for 2 turns
 46968 | Abyss:3  | Paralysed by accursed screaming for 1 turns
 46974 | Abyss:3  | Reached skill level 27 in Long Blades
 46995 | Abyss:3  | Paralysed by accursed screaming for 1 turns
 47294 | Abyss:3  | Lost mutation: You are completely covered in large bone
                  | plates. (SH +8) [Jiyva's grace]
 47294 | Abyss:3  | Lost mutation: Your body is covered in eyes which may
                  | confuse attackers. (Acc +7, SInv) [Jiyva's grace]
 47294 | Abyss:3  | Lost mutation: Armour fits poorly on your large pseudopods.
                  | [Jiyva's grace]
 47294 | Abyss:3  | Gained mutation: You have sharp toenails. [Jiyva's grace]
 47294 | Abyss:3  | Gained mutation: You have razor-sharp toenails. [Jiyva's
                  | grace]
 47294 | Abyss:3  | Gained mutation: You have claws for feet. [Jiyva's grace]
 47294 | Abyss:3  | Gained mutation: Your spells are a little harder to cast,
                  | but a little more powerful. [Jiyva's grace]
 47462 | Abyss:3  | Reached XP level 26. HP: 233/233 MP: 20/25
 47495 | Abyss:3  | Paralysed by accursed screaming for 1 turns
 47709 | Abyss:3  | Paralysed by accursed screaming for 2 turns
 47714 | Abyss:3  | Paralysed by accursed screaming for 2 turns
 47962 | Abyss:3  | Found a corrupted altar of Lugonu.
 48150 | Abyss:3  | Found a corrupted altar of Lugonu.
 48405 | Abyss:4  | Found a corrupted altar of Lugonu.
 48405 | Abyss:4  | Found a corrupted altar of Lugonu.
 48409 | Abyss:4  | Lost mutation: You are mostly covered in large bone plates.
                  | (SH +6) [Jiyva's grace]
 48409 | Abyss:4  | Lost mutation: You are very agile. (Dex +8, Str/Int -2)
                  | [Jiyva's grace]
 48409 | Abyss:4  | Lost mutation: You possess an exceptional clarity of mind.
                  | [Jiyva's grace]
 48409 | Abyss:4  | Lost mutation: You are strong-willed. (Will+) [Jiyva's
                  | grace]
 48409 | Abyss:4  | Lost mutation: Your rubbery body absorbs attacks. (AC +1,
                  | EV +1) [Jiyva's grace]
 48409 | Abyss:4  | Lost mutation: Armour fits poorly on your pseudopods.
                  | [Jiyva's grace]
 48409 | Abyss:4  | Gained mutation: Your spells are harder to cast, but more
                  | powerful. [Jiyva's grace]
 48409 | Abyss:4  | Gained mutation: Your spells are much harder to cast, but
                  | much more powerful. [Jiyva's grace]
 48409 | Abyss:4  | Gained mutation: You expend magic power (3 MP) to
                  | strengthen your wands. [Jiyva's grace]
 48409 | Abyss:4  | Gained mutation: Your mind is acute. (Int +4, Str/Dex -1)
                  | [Jiyva's grace]
 48429 | Abyss:4  | Noticed a dread lich
 48441 | Abyss:4  | Killed a dread lich
 48479 | Abyss:4  | Identified a scroll of acquirement
 48671 | Abyss:4  | Gained mutation: You occasionally lose the ability to drink
                  | potions when taking damage. [a neqoxec]
 48694 | Abyss:4  | Gained mutation: You have hidden genetic defects. [a
                  | neqoxec]
 48841 | Abyss:4  | Found a glowing golden altar of the Shining One.
 48899 | Abyss:4  | Found a corrupted altar of Lugonu.
 48987 | Abyss:4  | Noticed a juggernaut
 48996 | Abyss:4  | Killed a juggernaut
 48997 | Abyss:4  | Gained mutation: You have an uncontrollable temper. [hidden
                  | defects]
 49000 | Abyss:4  | Got an abyssal rune of Zot
 49027 | Depths:1 | Escaped the Abyss
 49161 | Vaults:5 | Entered Level 5 of the Vaults
 49198 | Vaults:5 | Reached XP level 27. HP: 241/241 MP: 25/25
 49325 | Vaults:5 | Lost mutation: Your mind is acute. (Int +4, Str/Dex -1)
                  | [hidden defects]
 49325 | Vaults:5 | Lost mutation: You have hidden genetic defects. [hidden
                  | defects expressed]
 49460 | Vaults:5 | Identified the +3 demon blade of Kismet {freeze, SInv}
 49513 | Vaults:5 | Got a silver rune of Zot
 49713 | Vaults:5 | Identified the ring "Qegiod" {rC+ rN++ Will- rCorr AC+4}
 49735 | Vaults:5 | Identified the ring "Qoir Cio" {Fire ^Contam rElec Will++}
 49748 | Vaults:5 | Identified the +0 orcbow of the Gazing Gods {freeze, rElec
                  | Will+}
 50139 | Vaults:5 | Found Ligamukoe's Armour Boutique.
 50266 | Vaults:5 | Identified the +1 trident of Qeusurac {protect, rPois rN+
                  | Str+3}
 50272 | Vaults:5 | Identified the +1 helmet of the Iron City of Dis {Slay+5}
 50391 | Vaults:5 | Identified the +0 leather armour of Classification {rElec
                  | rCorr}
 50466 | Vaults:5 | Acquired 439 gold pieces
 50468 | Vaults:5 | Lost mutation: You occasionally lose the ability to drink
                  | potions when taking damage. [potion of mutation]
 50468 | Vaults:5 | Lost mutation: You have a beak for a mouth. [potion of
                  | mutation]
 50468 | Vaults:5 | Lost mutation: You have claws for feet. [potion of
                  | mutation]
 50468 | Vaults:5 | Lost mutation: You expend magic power (3 MP) to strengthen
                  | your wands. [potion of mutation]
 50468 | Vaults:5 | Gained mutation: Your mind is acute. (Int +4, Str/Dex -1)
                  | [potion of mutation]
 50512 | Vaults:5 | Lost mutation: Your mind is acute. (Int +4, Str/Dex -1)
                  | [potion of mutation]
 50512 | Vaults:5 | Lost mutation: Your muscles are strong. (Str +4, Int/Dex
                  | -1) [potion of mutation]
 50512 | Vaults:5 | Lost mutation: Your body has grown many eyes which may
                  | confuse attackers. (Acc +5) [potion of mutation]
 50512 | Vaults:5 | Gained mutation: Your muscles are strong. (Str +4, Int/Dex
                  | -1) [potion of mutation]
 50512 | Vaults:5 | Gained mutation: You are very agile. (Dex +8, Str/Int -2)
                  | [potion of mutation]
 50513 | Vaults:5 | Bought the +2 pair of boots "Pisiplai" {rC+++ rCorr Str+5
                  | Int-4} for 1027 gold pieces
 50513 | Vaults:5 | Bought the +1 cloak of Starlight {*Dazzle EV+4 Stlth--} for
                  | 488 gold pieces
 50513 | Vaults:5 | Found the +1 cloak of Starlight {*Dazzle EV+4 Stlth--}
 50867 | Zot:5    | Entered Level 5 of the Realm of Zot
 51122 | Zot:5    | Noticed an ancient lich
 51134 | Zot:5    | Killed an ancient lich
 51177 | Zot:5    | Reached skill level 27 in Shields
 51225 | Zot:5    | Noticed an orb of fire
 51233 | Zot:5    | Killed an orb of fire
 51269 | Zot:5    | Lost mutation: You are partially covered in large bone
                  | plates. (SH +4) [Jiyva's grace]
 51269 | Zot:5    | Lost mutation: You are very agile. (Dex +8, Str/Int -2)
                  | [Jiyva's grace]
 51269 | Zot:5    | Lost mutation: You are covered in slimy tendrils that may
                  | disarm your opponents. [Jiyva's grace]
 51269 | Zot:5    | Lost mutation: You have a small jelly attached to you that
                  | may absorb projectiles. [Jiyva's grace]
 51269 | Zot:5    | Gained mutation: Your mind is acute. (Int +4, Str/Dex -1)
                  | [Jiyva's grace]
 51269 | Zot:5    | Gained mutation: Your mind is very acute. (Int +8, Str/Dex
                  | -2) [Jiyva's grace]
 51269 | Zot:5    | Gained mutation: Your flesh is cold resistant. (rC+)
                  | [Jiyva's grace]
 51269 | Zot:5    | Gained mutation: Your flesh is very cold resistant. (rC++)
                  | [Jiyva's grace]
 51287 | Zot:5    | Noticed an ancient lich
 51297 | Zot:5    | Killed an ancient lich
 51324 | Zot:5    | Noticed an orb of fire
 51333 | Zot:5    | Killed an orb of fire
 51444 | Zot:5    | Noticed a dread lich
 51451 | Zot:5    | Killed a dread lich
 51514 | Zot:5    | Noticed an orb of fire
 51514 | Zot:5    | Noticed an ancient lich
 51519 | Zot:5    | Noticed an orb of fire
 51523 | Zot:5    | Killed an orb of fire
 51529 | Zot:5    | Gained mutation: Armour fits poorly on your strangely
                  | shaped body. [an orb of fire]
 51535 | Zot:5    | Killed an orb of fire
 51536 | Zot:5    | Reached skill level 27 in Fighting
 51600 | Zot:5    | Identified the +2 robe of Bonutwiv {Will++ Regen+ Int-5
                  | Slay+5}
 51610 | Zot:5    | Noticed an ancient lich
 51622 | Zot:5    | Killed an ancient lich
 52089 | Depths:2 | Killed an ancient lich
 52095 | Depths:2 | Killed Poanarph's ghost
 52222 | Depths:3 | Killed Imio's ghost
 52224 | Depths:3 | Identified the +0 leather armour of Raol {Fly}
 52229 | Depths:3 | Identified the +1 spear of the Dancing Gods {speed, Str+8
                  | Int+2 Dex-4 Stlth-}
 52375 | Depths:4 | Killed Jimoer's ghost
 52388 | Depths:4 | Bought a scroll of enchant weapon for 375 gold pieces
 52388 | Depths:4 | Bought 2 potions of haste for 1000 gold pieces
 52522 | Zot:3    | Killed Hicanoach's ghost
 52756 | Zot:5    | Lost mutation: Your natural rate of healing is unusually
                  | fast. [potion of mutation]
 52756 | Zot:5    | Lost mutation: You have razor-sharp toenails. [potion of
                  | mutation]
 52756 | Zot:5    | Gained mutation: You do not regenerate when monsters are
                  | visible. [potion of mutation]
 52756 | Zot:5    | Lost mutation: You are agile. (Dex +4, Str/Int -1) [potion
                  | of mutation]
 52756 | Zot:5    | Gained mutation: You are covered in fur. (AC +1) [potion of
                  | mutation]
 52757 | Zot:5    | Lost mutation: Your mind is very acute. (Int +8, Str/Dex
                  | -2) [potion of mutation]
 52757 | Zot:5    | Lost mutation: Your muscles are strong. (Str +4, Int/Dex
                  | -1) [potion of mutation]
 52757 | Zot:5    | Lost mutation: You have an increased reservoir of magic.
                  | (+10% MP) [potion of mutation]
 52758 | Zot:5    | Lost mutation: Your flesh is very cold resistant. (rC++)
                  | [potion of mutation]
 52758 | Zot:5    | Lost mutation: Your flesh is cold resistant. (rC+) [potion
                  | of mutation]
 52758 | Zot:5    | Lost mutation: You do not regenerate when monsters are
                  | visible. [potion of mutation]
 52758 | Zot:5    | Gained mutation: Your flesh is cold resistant. (rC+)
                  | [potion of mutation]
 52758 | Zot:5    | Lost mutation: Your mind is acute. (Int +4, Str/Dex -1)
                  | [potion of mutation]
 52758 | Zot:5    | Gained mutation: You passively map a small area around you.
                  | [potion of mutation]
 52759 | Zot:5    | Lost mutation: Your body has grown eyes which may confuse
                  | attackers. (Acc +3) [potion of mutation]
 52759 | Zot:5    | Lost mutation: You are covered in fur. (AC +1) [potion of
                  | mutation]
 52759 | Zot:5    | Lost mutation: You passively map a small area around you.
                  | [potion of mutation]
 52759 | Zot:5    | Gained mutation: You are partially covered in iridescent
                  | scales. (AC +2) [potion of mutation]
 52759 | Zot:5    | Gained mutation: Potions are less effective at restoring
                  | your health. [potion of mutation]
 52759 | Zot:5    | Gained mutation: Your system is resistant to poisons.
                  | (rPois) [potion of mutation]
 52760 | Zot:5    | Lost mutation: Armour fits poorly on your strangely shaped
                  | body. [potion of mutation]
 52760 | Zot:5    | Lost mutation: You have sharp toenails. [potion of
                  | mutation]
 52760 | Zot:5    | Lost mutation: Potions are less effective at restoring your
                  | health. [potion of mutation]
 52760 | Zot:5    | Gained mutation: Your flesh is heat resistant. (rF+)
                  | [potion of mutation]
 52981 | Depths:3 | Voluntarily entered the Abyss.
 52981 | Abyss:4  | Found a corrupted altar of Lugonu.
 53018 | Abyss:4  | Found a corrupted altar of Lugonu.
 53082 | Abyss:4  | Found a corrupted altar of Lugonu.
 53148 | Abyss:4  | Noticed an ancient lich
 53152 | Abyss:4  | Noticed a dread lich
 53169 | Abyss:4  | Killed an ancient lich
 53173 | Abyss:4  | Killed a dread lich
 53353 | Abyss:4  | Paralysed by accursed screaming for 1 turns
 53362 | Abyss:4  | Paralysed by accursed screaming for 2 turns
 53379 | Depths:3 | Escaped the Abyss
 53418 | Depths:3 | Voluntarily entered the Abyss.
 53418 | Abyss:4  | Found a corrupted altar of Lugonu.
 53574 | Abyss:4  | Reached skill level 27 in Armour
 53696 | Abyss:4  | Reached skill level 1 in Evocations
 53818 | Abyss:4  | Paralysed by accursed screaming for 2 turns
 53833 | Abyss:4  | Paralysed by accursed screaming for 2 turns
 53877 | Depths:3 | Escaped the Abyss
 53998 | Depths:3 | Voluntarily entered the Abyss.
 54019 | Abyss:4  | Lost mutation: You are partially covered in iridescent
                  | scales. (AC +2) [Jiyva's grace]
 54019 | Abyss:4  | Lost mutation: Your spells are much harder to cast, but
                  | much more powerful. [Jiyva's grace]
 54019 | Abyss:4  | Gained mutation: Your mind is acute. (Int +4, Str/Dex -1)
                  | [Jiyva's grace]
 54019 | Abyss:4  | Gained mutation: Your mind is very acute. (Int +8, Str/Dex
                  | -2) [Jiyva's grace]
 54019 | Abyss:4  | Gained mutation: Your body has grown eyes which may confuse
                  | attackers. (Acc +3) [Jiyva's grace]
 54019 | Abyss:4  | Gained mutation: Your body has grown many eyes which may
                  | confuse attackers. (Acc +5) [Jiyva's grace]
 54253 | Abyss:4  | Reached skill level 5 in Throwing
 54261 | Abyss:4  | Reached skill level 5 in Evocations
 54620 | Abyss:4  | Paralysed by accursed screaming for 2 turns
 54725 | Abyss:4  | Gained mutation: You occasionally lose the ability to read
                  | scrolls when taking damage. [a neqoxec]
 54823 | Abyss:4  | Noticed a dread lich
 54829 | Abyss:4  | Killed a dread lich
 54935 | Abyss:4  | Reached skill level 10 in Evocations
 55019 | Depths:3 | Escaped the Abyss
 55094 | Depths:3 | Voluntarily entered the Abyss.
 55590 | Abyss:4  | Gained mutation: You do not regenerate when monsters are
                  | visible. [a neqoxec]
 55618 | Abyss:4  | Gained mutation: You sometimes lose the ability to read
                  | scrolls when taking damage. [a neqoxec]
 55736 | Abyss:4  | Noticed a dread lich
 55746 | Abyss:4  | Killed a dread lich
 55774 | Depths:3 | Escaped the Abyss
 56029 | Crypt:1  | Entered Level 1 of the Crypt
 56153 | Crypt:1  | Reached skill level 15 in Evocations
 56153 | Crypt:1  | Noticed Boris
 56162 | Crypt:1  | Killed Boris
 56731 | Crypt:2  | Noticed Grunn
 56869 | Crypt:2  | Killed Grunn
 56941 | Crypt:2  | Noticed Jory
 56958 | Crypt:2  | Killed Jory
 57472 | Crypt:2  | Lost mutation: You do not regenerate when monsters are
                  | visible. [Jiyva's grace]
 57472 | Crypt:2  | Lost mutation: Your body has grown many eyes which may
                  | confuse attackers. (Acc +5) [Jiyva's grace]
 57472 | Crypt:2  | Lost mutation: You sometimes lose the ability to read
                  | scrolls when taking damage. [Jiyva's grace]
 57472 | Crypt:2  | Gained mutation: Your rubbery body absorbs attacks. (AC +1,
                  | EV +1) [Jiyva's grace]
 57472 | Crypt:2  | Gained mutation: Your pliable body absorbs attacks. (AC +2,
                  | EV +2) [Jiyva's grace]
 57472 | Crypt:2  | Gained mutation: Your gelatinous body deflects attacks. (AC
                  | +3, EV +3) [Jiyva's grace]
 57472 | Crypt:2  | Gained mutation: You are strong-willed. (Will+) [Jiyva's
                  | grace]
 57574 | Crypt:3  | Entered Level 3 of the Crypt
 57574 | Crypt:3  | Found a staircase to the Tomb.
 57909 | Crypt:3  | Noticed Vv
 58018 | Crypt:3  | Killed Vv
 58107 | Crypt:3  | Identified the +10 long sword of Symmetry {speed, rElec rC+
                  | Str+3 Int-2 Stlth+}
 58111 | Crypt:3  | Identified the staff of Amorality {*Corrode rN+ Int+3 Summ
                  | Necro}
 58134 | Crypt:3  | Identified the staff "Decym" {^Contam rN+++ SInv Air Earth}
 58495 | Crypt:3  | Acquired 1030 gold pieces
 58528 | Crypt:3  | Identified the +1 helmet of Quiescent Contentment {rElec
                  | Dex+5}
 58937 | D:13     | Bought a scroll of acquirement for 1716 gold pieces
 58937 | D:13     | Acquired 577 gold pieces
 59211 | Snake:4  | Bought a wand of mindburst (6) for 117 gold pieces
 59213 | Snake:4  | Bought a wand of mindburst (10) for 336 gold pieces
 59213 | Snake:4  | Bought a potion of mutation for 192 gold pieces
 59213 | Snake:4  | Bought a potion of mutation for 192 gold pieces
 59565 | Hell     | Entered the Vestibule of Hell
 59565 | Hell     | Noticed Geryon
 59766 | Hell     | Killed Geryon
 59833 | Hell     | Found a gateway to the freezing wastes of Cocytus.
 59894 | Hell     | Found a gateway to the Iron City of Dis.
 59932 | Hell     | Found a gateway to the ashen valley of Gehenna.
 59989 | Hell     | Found a gateway to the decaying netherworld of Tartarus.
 60200 | Tar:1    | Entered Level 1 of Tartarus
 60220 | Tar:1    | Reached skill level 10 in Throwing
 60223 | Tar:1    | Noticed an ancient lich
 60230 | Tar:1    | Killed an ancient lich
 60236 | Tar:1    | Reached skill level 27 in Dodging
 60321 | Tar:1    | Found a corrupted altar of Lugonu.
 60436 | Tar:1    | Voluntarily entered the Abyss.
 60472 | Abyss:4  | Paralysed by accursed screaming for 2 turns
 60477 | Abyss:4  | Paralysed by accursed screaming for 2 turns
 60479 | Abyss:4  | Noticed an ancient lich
 60497 | Abyss:4  | Paralysed by accursed screaming for 1 turns
 60590 | Abyss:4  | Killed an ancient lich
 60603 | Abyss:5  | Noticed an ancient lich
 60604 | Abyss:5  | Lost mutation: You sometimes lose your temper in combat.
                  | [Jiyva's grace]
 60604 | Abyss:5  | Lost mutation: You are strong-willed. (Will+) [Jiyva's
                  | grace]
 60604 | Abyss:5  | Gained mutation: You have a small jelly attached to you
                  | that may absorb projectiles. [Jiyva's grace]
 60604 | Abyss:5  | Gained mutation: You have a pair of small horns on your
                  | head. [Jiyva's grace]
 60604 | Abyss:5  | Gained mutation: You have a pair of horns on your head.
                  | [Jiyva's grace]
 60604 | Abyss:5  | Gained mutation: You have a pair of large horns on your
                  | head. [Jiyva's grace]
 60615 | Abyss:5  | Killed an ancient lich
 60619 | Abyss:5  | Paralysed by accursed screaming for 1 turns
 60628 | Abyss:5  | Lost mutation: Your flesh is cold resistant. (rC+) [a
                  | neqoxec]
 60629 | Abyss:5  | Gained mutation: You occasionally lose the ability to drink
                  | potions when taking damage. [a neqoxec]
 60667 | Abyss:5  | Paralysed by accursed screaming for 2 turns
 60776 | Abyss:5  | Paralysed by accursed screaming for 1 turns
 60920 | Abyss:5  | Noticed a dread lich
 60930 | Abyss:5  | Killed a dread lich
 61045 | Tar:1    | Escaped the Abyss
 61412 | Depths:3 | Voluntarily entered the Abyss.
 61494 | Abyss:5  | Paralysed by accursed screaming for 1 turns
 61518 | Abyss:5  | Noticed an ancient lich
 61534 | Abyss:5  | Killed an ancient lich
 61680 | Abyss:5  | Noticed a dread lich
 61701 | Abyss:5  | Killed a dread lich
 61846 | Abyss:5  | Paralysed by accursed screaming for 1 turns
 61849 | Abyss:5  | Paralysed by accursed screaming for 1 turns
 61894 | Abyss:5  | Gained mutation: You occasionally shout uncontrollably at
                  | your foes. [a neqoxec]
 61948 | Depths:3 | Escaped the Abyss
 62265 | Zot:5    | Got the Orb of Zot
 62389 | Zot:1    | Noticed Melit the pandemonium lord
 62408 | Zot:1    | Noticed Obiotabo the pandemonium lord
 62659 | D:10     | Lost mutation: Your system is resistant to poisons. (rPois)
                  | [a neqoxec]
 62781 | D:4      | Noticed Jamav the pandemonium lord
 62921 | D:$      | Escaped with the Orb!

Illustrated notes

Levels and vault maps discovered:
D:1:      minmay_arrival_shattered_statue, layout_basic
D:2:      layout_basic, shapermc_ecumenical_altar_pompeii
D:3:      layout_basic, minmay_misc_feat_plants, serial_bayou_pond_a,
          minmay_circle_x
D:4:      layout_cave_pods, nicolae_overflow_two_pavilions
D:5:      layout_loops_ring, minmay_starry_boxes
D:6:      layout_gridville, mainiacjoe_overflow_chevrons, nicolae_titane
D:7:      layout_basic, yredelemnul_altar_generic,
          minmay_temple_entry_offerings, enter_bailey_3, minmay_lizard_king
D:8:      layout_loops_corners, serial_rivers, chequers_serial_rivers_micro_a,
          chequers_serial_rivers_small_b, chequers_serial_rivers_large_a,
          chequers_serial_rivers_room_a, chequers_serial_rivers_small_3,
          chequers_serial_rivers_micro_a
D:9:      layout_gridville, chequers_temple_overflow_statue_of_worship,
          lair_entry_dummy, kennysheep_generic_room_5
D:10:     layout_irregular_city
D:11:     layout_basic, erik_orc_3, st_stairs_3, lightli_corner_chamber
D:12:     layout_loops_ring, minmay_guarded_unrand_resistance, uniq_josephine,
          uniq_azrael
D:13:     layout_irregular_city, nicolae_trove_entry_crossroad, serial_shops,
          nicolae_shop_tiny_glass, minmay_hedge_maze, uniq_jorgrun
D:14:     layout_basic, hellmonk_vaults_attempted_burglary,
          nicolae_dithmenos_the_darkroom, uniq_agnes
D:15:     hangedman_depths_entry_civil_slaughter, layout_basic,
          minmay_misc_feat_rugged, uniq_roxanne
Lair:1:   layout_regular_city, uniq_sonja
Lair:2:   layout_cave_pods, nicolae_snake_entry_warm_welcome, lemuel_fruit_tree,
          uniq_prince_ribbit2
Lair:3:   layout_small_grid, mainiacjoe_swamp_entry_lozenge_pond, st_stairs_7,
          grunt_megastairs_5
Lair:4:   layout_hall_layers, minmay_slime_entry_pillars,
          nicolae_volcano_entry_lava_flow, grunt_forest_stairs_basic,
          minivault_26
Lair:5:   hangedman_lair_tendril_chambers, layout_regular_city, wormcave,
          serial_bayou_shore_a
Swamp:1:  layout_basic_swamp, serial_swamp_ruin, evilmike_swamp_ruin_house_3,
          evilmike_swamp_ruin_wall, evilmike_swamp_ruin_rubble_2,
          nicolae_swamp_decorative_isthmus, infiniplex_staircase_pool_2
Swamp:2:  layout_basic_swamp, nicolae_swamp_little_tower, swamp_pool_1_2,
          infiniplex_staircase_pool
Swamp:3:  layout_basic_swamp, ebering_ghost_rock_garden,
          nicolae_swamp_well_well_well, nicolae_swamp_long_stream,
          uniq_mlioglotl
Swamp:4:  swamp_vile, layout_basic_swamp
Snake:1:  layout_grid_maze
Snake:2:  nicolae_snake_attic_fulla_snakes, layout_honeycomb,
          nicolae_snake_shapes, grunt_megastairs_3
Snake:3:  layout_onion, gammafunk_ghost_berserking_beasts,
          nicolae_snake_coiling_death
Snake:4:  minmay_snake_end_coiled, layout_cave_shapes, minmay_shop_star
Slime:1:  layout_caves
Slime:2:  nicolae_slime_pool, layout_caves
Slime:3:  layout_caves
Slime:4:  layout_caves, nicolae_slime_getting_an_eyeful
Slime:5:  slime_pit_nicolae_jellycorners
Orc:1:    layout_diamond_mine
Orc:2:    st_orc_mages, layout_diamond_mine, gammafunk_ghost_necromancy,
          nicolae_orc_hostile_takeover
Elf:1:    layout_gridlike, hangedman_elven_crosses_minicolossus,
          minmay_shoptagon
Elf:2:    nicolae_elf_blades_crystal_corner, layout_loops_corners,
          portal_desolation_entry_garden
Elf:3:    elf_hall, layout_gridlike, minmay_misc_feat_cross, grunt_megastairs_4,
          uniq_bai_suzhen
Vaults:1: hangedman_vaults_trim, v_misc_29, vaults_room_hallway,
          hangedman_vaults_unwind, nicolae_vaults_lightning_bolt,
          vaults_room_glass_cross, nicolae_vaults_trapezoid_3,
          vaults_dpeg_emergency_exit, vaults_room_grunt_arrival_ludios,
          vaults_room_ringed_pool, layout_vaults_omnigrid
Vaults:2: nicolae_vaults_circle_grid_b, hangedman_vaults_corner,
          grunt_vaults_swirl, nicolae_vaults_offset_grid_hallway_3,
          nicolae_vaults_trapezoid_3, nicolae_vaults_more_shelving_2,
          nicolae_vaults_closet_pinwheel_6, nicolae_vaults_wine_cellar,
          hangedman_vaults_hat, nicolae_vaults_little_squares_2,
          nicolae_vaults_two_Ls, nicolae_vaults_storage_room_glass,
          layout_vaults_ring, serial_shops, nicolae_shop_back_alley_shop
Vaults:3: nicolae_vaults_cornered_office, v_misc_25, vaults_room_large_hall,
          nicolae_vaults_apartment_2, nicolae_vaults_disjoint_gnomons,
          ontoclasm_vaults_eye, nicolae_vaults_storage_closets_3,
          minmay_crypt_entry_nasty_monster, nicolae_vaults_alarming,
          nicolae_vaults_diamond_2, layout_vaults_omnicross, serial_shops, shop
Vaults:4: gammafunk_ghost_ooze, nicolae_vaults_sesquioval_fish,
          nicolae_vaults_offset_grid_hallway_1, ontoclasm_vaults_chip,
          nicolae_vaults_octothorpe, nicolae_vaults_house_1, v_misc_23,
          nicolae_vaults_oval_intersection, nicolae_vaults_what_the_h,
          nicolae_vaults_door_testing_chamber, nicolae_vaults_closet_pinwheel_3,
          v_misc_12, layout_vaults_maze, uniq_margery
Vaults:5: serial_shops
Crypt:1:  layout_misc_corridors, grunt_crypt_arrival_webbed,
          roderic_lattice_octagonal_star, lemuel_upstairs_altar
Crypt:2:  layout_rooms, uniq_grunn, uniq_jory
Crypt:3:  due_elkab, layout_chaotic_city, lightli_enter_wizlab_magi_temple,
          uniq_vv
Depths:1: layout_basic, pf_hell_entry_great_geh, chequers_serial_rivers_marsh,
          abyss_entry, serial_bayou_pond_d, uniq_boris
Depths:2: little_maze_vault, layout_cave_pools, muffindrake_ghost_dual_entry,
          pan_entry, hell_entry, drop_trap, worldfamousw_hep_ancestral_shrine,
          uniq_asterion
Depths:3: kennysheep_scales, layout_gridlike, abyss_entry,
          ebering_ghost_disaster_area, hell_entry, rand_demon_pan_entry_8,
          minmay_fractal_squares_gapless_7, infiniplex_staircase_pillars_2,
          uniq_josephina
Depths:4: evilmike_zot_entry_basic, layout_cave_pools, enter_ziggurat_a,
          hell_entry, minmay_misc_feat_columns, ebering_ghost_gozag,
          uniq_parghit
Hell
Tar:1:    layout_grid_maze, nicolae_tar_cuneiform_not,
          amcnicky_altar_lugonu_corruption
Zot:1:    layout_gridlike, regret_index_zotdec_wing_it
Zot:2:    layout_cathedral_of_symmetry, regret_index_zotdec_barnacled_simple
Zot:3:    layout_basic, gammafunk_ghost_split,
          regret_index_zotdec_silver_v_v_orig_slice
Zot:4:    hangedman_snap_crack_crunch, layout_cathedral_of_symmetry
Zot:5:    layout_basic, skrybe_zot_glass_1

Skill      XL: |  1  2  3  4  5  6  7  8  9 10 11 12 13 14 15 16 17 18 19 20 21 22 23 24 25 26 27 |
---------------+----------------------------------------------------------------------------------+-----
Long Blades    | 4 5 6 7 9 10 11 12 14 15 17 18 19 20 22 23 24 25 26 27 | 27.0
Fighting       | 3 4 5 6 8 10 11 12 14 16 18 19 20 21 22 23 24 25 27 | 27.0
Armour         | 1 2 3 5 7 9 10 11 13 14 15 16 17 18 19 20 21 22 23 27 | 27.0
Dodging        | 5 7 9 10 11 12 13 14 15 16 17 18 19 20 27 | 27.0
Shields        | 6 10 12 13 15 16 17 18 20 21 22 23 24 25 27 | 27.0
Evocations     | 22 | 22.7
Throwing       | 12 | 12.0

Action                     |  1- 3 |  4- 6 |  7- 9 | 10-12 | 13-15 | 16-18 | 19-21 | 22-24 | 25-27 || total
---------------------------+-------+-------+-------+-------+-------+-------+-------+-------+-------++-------
  Melee: Long sword        |    82 |    86 |   194 |   453 |       |       |       |       |       ||   815
         Pseudopods        |       |       |    37 |    51 |   276 |   473 |       |       |   210 ||  1047
         Kick              |       |       |       |   203 |   436 |   953 |   810 |       |   487 ||  2889
         Bite              |       |       |       |    53 |   176 |    29 |       |       |       ||   258
         Falchion          |       |       |       |    57 |   926 |  1738 |       |       |       ||  2721
         Scimitar          |       |       |       |       |   100 |   134 |  1524 |    17 |       ||  1775
         Headbutt          |       |       |       |       |   209 |   488 |       |       |   220 ||   917
         Peck              |       |       |       |       |       |       |   378 |   424 |   493 ||  1295
         Double sword      |       |       |       |       |       |       |       |   711 |  1681 ||  2392
         Demon blade       |       |       |       |       |       |       |       |   387 |  2831 ||  3218
  Throw: Dart              |       |     5 |       |    19 |     4 |       |       |       |       ||    28
         Boomerang         |       |       |       |     3 |    11 |    11 |    15 |    23 |    28 ||    91
 Invoke: Oozemancy         |       |     2 |     1 |     2 |     4 |     2 |     5 |     3 |    12 ||    31
         Slimify           |       |       |       |       |     1 |       |     1 |       |       ||     2
Ability: Hop               |       |     1 |       |     2 |     7 |     8 |     9 |     8 |    12 ||    47
  Evoke: Wand              |       |     1 |     3 |       |       |     1 |       |       |     4 ||     9
         Sack of spiders   |       |       |       |       |       |       |       |       |     2 ||     2
    Use: Scroll            |       |       |       |    14 |     2 |     6 |     9 |    10 |    26 ||    67
         Potion            |       |       |       |       |       |     1 |     4 |       |     7 ||    12
   Stab: Sleeping          |       |     2 |       |       |       |     3 |       |       |       ||     5
         Distracted        |       |       |     2 |       |       |     7 |       |    17 |    88 ||   114
         Paralysed         |       |       |       |       |       |       |     2 |       |       ||     2
         Confused          |       |       |       |       |       |       |       |    20 |    83 ||   103
         Held in net/web   |       |       |       |       |       |       |       |     1 |       ||     1
         Invisible         |       |       |       |       |       |       |       |       |    19 ||    19
 Armour: Scale mail        |    56 |    28 |       |       |       |       |       |       |       ||    84
         Leather armour    |     1 |       |       |       |       |       |       |       |       ||     1
         Chain mail        |       |   101 |   187 |   451 |   600 |   584 |   843 |   459 |       ||  3225
         Gold dragon scale |       |       |       |       |       |       |       |   242 |  1147 ||  1389
  Dodge: Dodged            |    51 |    78 |    90 |   382 |   496 |   907 |   826 |   708 |  1672 ||  5210
  Block: Kite shield       |       |       |       |       |   704 |  1136 |  1316 |   910 |  1177 ||  5243
         Tower shield      |       |       |       |       |       |   881 |   251 |   407 |  4669 ||  6208
         Reflection        |       |       |       |       |       |    39 |    23 |    15 |    55 ||   132
